 Dungeon Crawl Stone Soup version 0.20.1-1-g8b1a95d (webtiles) character file.

1299375 Kairos the Conqueror (level 27, -1/273 HPs)
             Began as a Hill Orc Fighter on Mar 18, 2018.
             Was the Champion of the Shining One.
             Killed by divine providence
             ... invoked by a mummy priest
              (12 damage)
             ... on level 25 of a ziggurat on Mar 20, 2018.
             The game lasted 15:26:09 (139304 turns).

Kairos the Conqueror (Hill Orc Fighter)           Turns: 139304, Time: 15:26:09

Health: -1/273     AC: 41    Str: 39    XL:     27
Magic:  0/46       EV: 29    Int:  8    God:    the Shining One [******]
Gold:   6933       SH: 63    Dex: 26    Spells: 19/65 levels left

rFire    . . .     SeeInvis +   n - +9 broad axe (flame)
rCold    + . .     Gourm    .   V - +8 large shield {AC+3}
rNeg     + + +     Faith    .   a - +11 chain mail of Qagol {Str+6 SInv}
rPois    +         Spirit   +   b - +2 hat of the Bear Spirit {Spirit, +Rage rN+ MR++}
rElec    +         Reflect  +   w - scarf "Cowin" {rPois Str+4 Dex+3}
rCorr    +         Harm     .   K - +3 pair of gauntlets of War {Slay+5}
MR       ++++.                  Q - +0 pair of boots of Disaster {Regen+}
Stlth    ++........             R - brooch of Shielding {Reflect SH+8}
Regen    1.0/turn               U - ring "Wodauh" {+Inv Str+3 Dex+5 Slay+3}
MPRegen  0.3/turn               o - ring "Badeesa" {rCorr rElec rC+}

@: lethally poisoned (-1 -> -2), divine shield, very slightly contaminated,
slowed, glowing, studying Armour, very slow
A: talons 1, agile 1
}: 10/15 runes: serpentine, barnacled, silver, iron, obsidian, icy, bone,
abyssal, demonic, magical
a: Divine Shield, Cleansing Flame, Summon Divine Warrior, Renounce Religion,
Evoke Berserk Rage, Evoke Invisibility


You were on level 25 of a ziggurat.
You worshipped the Shining One.
The Shining One was exalted by your worship.
You were not hungry.

You visited 15 branches of the dungeon, and saw 79 of its levels.
You visited Pandemonium 2 times, and saw 13 of its levels.
You visited the Abyss 4 times.
You visited 2 ziggurats, and saw 43 of their levels (deepest: 25).
You also visited: Labyrinth, Trove, Bailey and Ice Cave.

You collected 14206 gold pieces.
You spent 7273 gold pieces at shops.

Inventory:

Hand Weapons
 c - a +9 broad axe of holy wrath
 i - a +8 broad axe of freezing
 n - a +9 broad axe of flaming (weapon)
 x - a +7 trishula of holy wrath
 D - the +7 hand crossbow of the Elven Halls {penet, Dex+2}
   (You found it on level 24 of a ziggurat)

   Ammo fired by it will pass through the targets it hits, potentially hitting
   all targets in its path until it reaches maximum range.
   It affects your dexterity (+2).
Armour
 a - the +11 chain mail of Qagol (worn) {Str+6 SInv}
   (You took it off a merfolk javelineer on level 4 of the Shoals)

   It affects your strength (+6).
   It lets you see invisible.
 b - the +2 hat of the Bear Spirit (worn) {Spirit, +Rage rN+ MR++}
   (You found it on level 3 of the Crypt)

   It protects you from negative energy.
   It affects your resistance to hostile enchantments.
   It lets you go berserk.
 w - the scarf "Cowin" (worn) {rPois Str+4 Dex+3}
   (You acquired it in the Vestibule of Hell)

   It affects your strength (+4).
   It affects your dexterity (+3).
   It protects you from poison.
 z - a scarf of resistance
 B - a scarf of repulsion
 K - the +3 pair of gauntlets of War (worn) {Slay+5}
   (You found it on level 7 of Cocytus)

   It affects your accuracy and damage with ranged weapons and melee attacks
   (+5).
 Q - the +0 pair of boots of Disaster (worn) {Regen+}
   (You acquired it in the Vestibule of Hell)

   It increases your rate of regeneration.
 V - a +8 large shield of protection (worn)
Jewellery
 o - the ring "Badeesa" (right hand) {rCorr rElec rC+}
   (You bought it in a shop on level 5 of the Depths)

   [ring of resist corrosion]

   It protects you from cold.
   It insulates you from electricity.
 y - the ring of Giric {rElec rF+ MP+9 Str-3 Int+4}
   (You found it on level 23 of a ziggurat)

   [ring of magical power]

   It affects your strength (-3).
   It affects your intelligence (+4).
   It protects you from fire.
   It insulates you from electricity.
   It affects your magic capacity (+9).
 M - the ring of Syariles {rElec rC+ AC+1 Stlth+}
   (You found it on level 8 of the Dungeon)

   [ring of protection]

   It affects your AC (+1).
   It protects you from cold.
   It insulates you from electricity.
   It makes you more stealthy.
 N - the amulet "Ocoecuv" {RegenMP rF+}
   (You took it off a skeletal warrior on level 3 of the Crypt)

   [amulet of magic regeneration]

   It increases your magic regeneration.
   It protects you from fire.
 O - the ring of Otyfoan {*Corrode rF+++ Dex+4 Stlth-}
   (You found it on level 21 of a ziggurat)

   [ring of loudness]

   It affects your dexterity (+4).
   It renders you almost immune to fire.
   It may corrode you when you take damage.
   It makes you less stealthy.
 P - the amulet of the Four Winds {rN+ MR+++ Clar}
   (You found it on level 21 of a ziggurat)

   [amulet of nothing]

   It protects you from negative energy.
   It affects your resistance to hostile enchantments.
   It protects you against confusion.
 R - the brooch of Shielding (around neck) {Reflect SH+8}
   (You found it on level 21 of a ziggurat)

   [amulet of reflection]

   It shields you and reflects attacks.
   It affects your SH (+8).
 U - the ring "Wodauh" (left hand) {+Inv Str+3 Dex+5 Slay+3}
   (You found it on level 7 of a ziggurat)

   [ring of dexterity]

   It affects your strength (+3).
   It affects your dexterity (+5).
   It affects your accuracy and damage with ranged weapons and melee attacks
   (+3).
   It lets you turn invisible.
 W - the amulet of Felu {RegenMP Str+4}
   (You found it on level 3 of the Tomb of the Ancients)

   [amulet of magic regeneration]

   It increases your magic regeneration.
   It affects your strength (+4).
Wands
 e - a wand of scattershot (5/9)
 l - a wand of digging (8/24)
Scrolls
 q - 20 scrolls of identify
 r - 44 scrolls of teleportation
 s - 41 scrolls of remove curse
 t - 17 scrolls of recharging
 v - 15 scrolls of magic mapping
 C - 7 scrolls of silence
 E - 25 scrolls of fog
 F - 6 scrolls of enchant armour
 I - 3 scrolls of blinking
 J - 10 scrolls of holy word
 T - 7 scrolls of fear
 Z - 2 scrolls of acquirement
Potions
 d - 10 potions of might
 g - 3 potions of haste
 j - 20 potions of curing
 k - 8 potions of brilliance
 m - 10 potions of agility
 p - 5 potions of magic
 u - 12 potions of flight
 A - 6 potions of resistance
 G - 4 potions of heal wounds
 H - 15 potions of berserk rage
 L - 8 potions of cancellation
 S - 9 potions of mutation
Books
 X - a manual of
Armour
 Y - a manual of Armour
Comestibles
 f - 21 bread rations
 h - 69 royal jellies


   Skills:
 O Level 27 Fighting
 O Level 27 Axes
   Level 2.6(16.3) Maces & Flails
 - Level 1.4 Throwing
 + Level 26.5 Armour
 + Level 19.5 Dodging
 + Level 14.4 Stealth
 O Level 27 Shields
 - Level 1.9 Unarmed Combat
 * Level 19.7 Spellcasting
 * Level 22.7 Hexes
 - Level 10.9 Charms
 - Level 15.2 Translocations
 + Level 16.4 Fire Magic
 - Level 15.9 Ice Magic
 - Level 12.7 Air Magic
 + Level 26.0 Invocations
 + Level 20.9 Evocations


You had 19 spell levels left.
You knew the following spells:

 Your Spells              Type           Power        Failure   Level  Hunger
a - Blink                 Tloc           N/A          1%          2    None
b - Metabolic Englaciati  Hex/Ice        #####.....   1%          5    #####..
c - Swiftness             Chrm/Air       ####....     1%          2    None
d - Gell's Gravitas       Tloc           ####......   1%          3    None
e - Lesser Beckoning      Tloc           ####......   1%          3    None
f - Song of Slaying       Chrm           ####....     1%          2    None
g - Apportation           Tloc           ####..       1%          1    None
h - Silence               Hex/Air        #####.....   1%          5    #####..
i - Ignition              Fire           ####......   58%         8    #######
j - Discord               Hex            #####.....   8%          8    #######
k - Teleport Other        Tloc           ####....     1%          3    None
l - Passage of Golubria   Tloc           N/A          1%          4    ###....


Dungeon Overview and Level Annotations

Branches:
Dungeon (15/15)            Temple (0/1) D:4            Lair (6/6) D:10
 Shoals (4/4) Lair:2        Snake (4/4) Lair:2        Slime (0/5) Lair:5
    Orc (2/2) D:11            Elf (3/3) Orc:2        Vaults (5/5) D:14
  Crypt (3/3) Vaults:2       Tomb (3/3) Crypt:3      Depths (5/5) D:15
   Hell (1/1)                 Dis (7/7) Hell            Geh (7/7) Hell
    Coc (7/7) Hell            Tar (7/7) Hell            Zot (0/5) Depths:5

Altars:
Ashenzari
Hepliaklqana
Kikubaaqudgha
Makhleb
Okawaru
Trog
Uskayaw
Vehumet
Xom
The Shining One
Beogh

Shops:
D:11 *   D:12 (   Orc:1 *?*?   Orc:2 ((}!   Elf:2 }*%   Vaults:1 [((%
Vaults:4 !   Depths:2 [   Depths:5 }==

Portals:
Hell: Depths:1 Depths:2 Depths:3 Depths:4 Depths:5
Abyss: Depths:3 Depths:4
Pandemonium: Depths:3 Depths:5


Innate Abilities, Weirdness & Mutations

You have sharp toenails.
You are agile. (Dex +2)


Message History

The mummy barely misses you.
Okay, then.
You feel much better.
You feel sick. You block the death scarab's attack. x3
The death scarab barely misses you. You block the death scarab's attack.
The greater mummy gestures at you while chanting.
Something smites you!
* * * LOW HITPOINT WARNING * * *
The greater mummy gestures wildly while chanting.
The death scarab closely misses you.
The ushabti shakes and rattles deafeningly!
The ushabti shakes and rattles.
The vile air hits the death scarab.
The vile air hits you!
* * * LOW HITPOINT WARNING * * *
The mummy priest mumbles some strange prayers to its god.
The ushabti shakes and rattles.
The vile air hits the greater mummy.
The vile air hits the death scarab.
The vile air hits you!
The mummy priest invokes the aid of its god against you.
Something smites you!
You die...

▓▓▓▓▓▓▓▓▓▓▓▓▓▓ .............▓▓
..............▓
▓.................▓▓
▓...................▓▓
▓▓..........Z@.s......|▓▓
▓▓...........Mss..MM..M)[▓▓
▓▓..........MM.M§§§.M..}?=)▓▓
▓▓.........W.MZ.M3§M§M.MZ(=[!▓▓
▓...........n.4VMLMM.8MZMM[|!∩▓
.∩.......M3MM.VMWM88MZ.M(=?!!>:
▓........ZMMMMZMM8ZM8MMM[M|[?∩▓
▓▓.......MMW..sMMMM...M.MM}?:▓▓
▓▓.......M8VMZ.M..MM..M.([:▓▓


You could see 6 greater mummies, a lich, 4 mummy priests, a jiangshi, a flayed
ghost, a sun demon, 6 guardian mummies, 5 ushabtiu, a rust devil, a smoke demon,
a vampire, a wraith, 4 death scarabs, a necrophage, a shadow (invisible), 24
mummies, a spriggan defender simulacrum, 2 titan zombies, an iron dragon
skeleton, a sphinx skeleton, a titan skeleton (wandering) and a caustic shrike
skeleton.

Vanquished Creatures
  Asmodeus (Geh:7)
  Antaeus (Coc:7)
  Ereshkigal (Tar:7)
  the Serpent of Hell (Tar:7)
  11 pandemonium lords
  Lom Lobon (Pan)
  Dispater (Dis:7)
  Khufu (Crypt:3)
  13 ancient liches
  10 juggernauts (Zig:22)
  25 greater mummies
  Bai Suzhen (Vaults:4)
  Frederick (Crypt:3)
  13 shard shrikes
  Saint Roka (Vaults:5)
  Geryon (Hell)
  A curse toe (Zig:8)
  A caustic shrike (Depths:3)
  9 golden dragons
  7 pearl dragons (Zig:13)
  5 profane servitors
  20 bone dragons
  23 Tzitzimimeh
  38 Brimstone Fiends
  4 iron giants (Dis:7)
  7 doom hounds
  Jorgrun (Vaults:4)
  4 hellephants
  22 Hell Sentinels
  31 Ice Fiends
  Rupert (Lair:5)
  5 tentacled monstrosities
  27 liches
  7 quicksilver dragons
  3 deep elf blademasters
  9 acid blobs (Zig:19)
  22 titans
  5 deep elf master archers
  28 ancient champions
  14 sphinxes
  33 tentacled starspawn
  16 Executioners
  A kraken (Shoals:3)
  3 thorn hunters (Zig:21)
  3 eldritch tentacles
  7 storm dragons
  Gastronok (Lair:3)
  Frances (D:13)
  Agnes (Snake:4)
  11 shadow dragons
  7 draconian monks
  A fire giant (shapeshifter) (Zig:14)
  2 azure jellies (Zig:19)
  Donald (Vaults:2)
  12 tengu reavers
  11 revenants
  6 nagarajas
  Ilsuiw (Shoals:4)
  23 fire giants
  9 iron dragons
  2 draconian knights
  6 deep elf sorcerers (Elf:3)
  3 emperor scorpions
  3 daevas
  Aizul (Snake:2)
  A ghost moth (shapeshifter) (Zig:13)
  4 draconian scorchers
  Louise (Snake:4)
  6 ghost moths
  7 orc warlords
  17 vault wardens
  6 curse skulls
  16 balrugs
  3 draconian stormcallers
  17 warmongers
  2 juggernaut zombies
  15 cacodemons
  7 deep elf elementalists
  12 black suns (Pan)
  22 frost giants
  7 draconian shifters
  3 angels
  6 draconian annihilators
  11 ghouls
  16 ironheart preservers
  A juggernaut skeleton (Crypt:1)
  54 stone giants
  20 war gargoyles
  87 reapers
  2 elemental wellsprings
  17 very ugly things
  17 vampire knights
  6 entropy weavers
  7 deep elf demonologists
  14 corrupters
  8 deep elf annihilators
  6 blood saints (Pan)
  6 green draconians
  Azrael (D:12)
  2 apis (Zig:13)
  2 black draconians
  8 bennus
  Nessos (D:12)
  12 dire elephants
  4 purple draconians
  A pale draconian (Depths:5)
  5 red draconians
  2 yellow draconians
  13 lorocyprocas
  11 spark wasps
  9 deep elf death magi
  3 white draconians
  Snorg (D:14)
  13 eidola
  11 merfolk javelineers
  A crystal guardian (Abyss:1)
  22 mummy priests
  20 ettins
  64 blizzard demons
  4 quicksilver dragon zombies
  38 green deaths
  An ettin (shapeshifter) (Vaults:5)
  A kraken zombie (Hell)
  Josephine (D:13)
  13 fire dragons
  A minotaur (Lab)
  4 deep elf high priests
  8 jiangshi
  18 merfolk impalers
  Harold (Lair:4)
  17 hydras
  20 yaktaur captains
  18 naga warriors
  15 great orbs of eyes
  A spectral kraken (Tar:7)
  20 rakshasas
  Erolcha (Orc:2)
  12 hell beasts
  4 quicksilver dragon skeletons
  A ghost crab (Zig:9)
  33 vault guards
  4 spriggan air magi
  6 monstrous demonspawn (Pan)
  43 ice dragons
  2 catoblepae
  2 juggernaut simulacra (Pan)
  3 death knights
  11 anacondas
  16 centaur warriors
  2 alligator snapping turtles
  13 ogre magi
  3 alligators
  7 merfolk avatars
  12 merfolk aquamancers
  38 two-headed ogres
  32 death scarabs
  10 deep troll shamans
  43 dancing weapons
  5 satyrs
  9 deep troll earth magi
  8 death yaks
  9 shock serpents
  37 hell hogs
  35 thrashing horrors
  10 orc high priests
  3 spriggan berserkers
  17 vampire magi
  2 tengu warriors
  Urug (Lair:3)
  22 iron golems
  7 titan zombies
  3 storm dragon zombies
  66 soul eaters
  16 naga sharpshooters
  48 sun demons
  2 spriggans (Zig:21)
  The ghost of damerell the Basher, a novice NaBe of Trog (D:8)
  36 deep elf knights
  Nergalle (Lair:3)
  5 salamander mystics
  32 wretched stars
  The ghost of ceb the Fighter, a novice DsFi (D:6)
  7 titan skeletons
  An iron giant zombie (Crypt:2)
  A fire crab (shapeshifter) (Vaults:5)
  The ghost of ceb the Skirmisher, a novice DsFi of Uskayaw (D:7)
  17 iron trolls
  47 hell knights
  27 sixfirhies
  31 sea snakes
  3 spriggan druids
  9 storm dragon skeletons
  2 ghost moth zombies
  2 spark wasp zombies
  A sea snake (shapeshifter) (Depths:5)
  29 deep trolls
  The ghost of ceb the Fighter, a novice DsFi of Hepliaklqana (Bailey)
  A glowing orange brain (shapeshifter) (Depths:2)
  7 shadow wraiths
  150 skeletal warriors
  13 spatial maelstroms
  8 cherubim (Zig:13)
  9 unseen horrors
  30 shadow demons
  4 golden dragon zombies
  10 death drakes
  19 flayed ghosts
  5 shadow dragon zombies
  5 torturous demonspawn (Pan)
  12 naga ritualists
  10 anaconda zombies
  An unseen horror (shapeshifter) (Zig:14)
  10 gelid demonspawn (Pan)
  10 glowing orange brains
  24 phantasmal warriors
  4 anaconda skeletons
  16 infernal demonspawn (Pan)
  13 swamp dragons
  A tengu zombie (Zig:14)
  Pikel (D:9)
  2 sphinx zombies
  6 shambling mangroves
  An orange crystal statue (Depths:4)
  7 golden dragon skeletons
  32 harpies
  12 ironbrand convokers
  11 wizards
  11 mana vipers
  20 necromancers
  7 shadow dragon skeletons
  32 deep elf archers
  22 fauns
  7 fire giant zombies
  23 orb spiders
  A wolf spider zombie (Coc:4)
  22 orc knights
  2 mana vipers (shapeshifter)
  109 deep elf magi
  A wolf spider (shapeshifter) (Abyss:1)
  8 stone giant zombies
  A faun (shapeshifter) (Depths:2)
  2 tengu skeletons
  16 wolf spiders
  24 cyclopes
  4 iron dragon zombies
  19 orc sorcerers
  10 frost giant zombies
  28 ugly things
  A manticore (shapeshifter) (Zig:15)
  3 shining eyes (Zig:19)
  14 worldbinders
  23 manticores
  16 salamanders
  A shining eye (shapeshifter) (Zig:15)
  A spectral fire dragon (Coc:4)
  4 fire giant skeletons
  14 water nymphs
  A guardian serpent (shapeshifter) (Vaults:5)
  50 rust devils
  A moth of wrath (shapeshifter) (Vaults:5)
  A shock serpent zombie (Crypt:3)
  2 water nymphs (shapeshifter)
  9 moths of wrath
  50 black mambas
  5 dire elephant zombies
  4 iron dragon skeletons
  4 eyes of devastation
  9 stone giant skeletons
  14 vault sentinels
  A black mamba (shapeshifter) (Depths:2)
  4 guardian serpents
  43 naga magi
  8 frost giant skeletons
  4 centaur zombies
  8 ice statues
  5 torpor snails
  8 apocalypse crabs
  16 merfolk sirens
  A storm dragon simulacrum (Hell)
  9 elephants
  24 orange demons
  9 molten gargoyles
  11 spectral swamp worms (Tar:7)
  An alligator snapping turtle zombie (Coc:4)
  A catoblepas zombie (Geh:7)
  125 large abominations
  3 emperor scorpion zombies
  31 hellions
  23 spiny frogs
  A yaktaur zombie (Hell)
  4 centaur skeletons
  2 dire elephant skeletons
  102 smoke demons
  27 demonic crawlers
  A gargoyle (D:12)
  3 kobold demonologists
  A komodo dragon (shapeshifter) (Vaults:3)
  A shock serpent skeleton (Geh:6)
  A black draconian skeleton (Crypt:3)
  52 freezing wraiths
  73 yaktaurs
  A yaktaur skeleton (Vaults:3)
  2 alligator snapping turtle skeletons (Coc:4)
  7 rime drakes
  7 efreet
  18 komodo dragons
  2 catoblepas skeletons
  A ghost moth simulacrum (Coc:7)
  2 yaktaurs (shapeshifter)
  35 ice devils
  6 tengu conjurers
  69 tormentors
  35 hellwings
  33 red devils
  5 harpy zombies
  31 ancient zymes
  10 trolls
  55 merfolk
  An iron troll skeleton (Crypt:1)
  3 silent spectres
  2 meliai (shapeshifter)
  43 guardian mummies
  A wolf spider simulacrum (Hell)
  17 hydra zombies
  11 jumping spiders
  A jumping spider (shapeshifter) (Depths:2)
  6 hydra skeletons
  22 hornets
  4 tyrant leeches
  13 polar bears
  8 alligator zombies
  6 meliai
  21 wind drakes
  A slime creature (shapeshifter) (Depths:5)
  A wind drake (shapeshifter) (Zig:13)
  2 minotaur skeletons
  A shadow dragon simulacrum (Crypt:3)
  6 spriggan zombies
  12 bog bodies
  33 blink frogs
  3 harpy skeletons
  A stone giant simulacrum (Coc:7)
  16 dream sheep
  66 raiju
  11 ice dragon zombies
  A fire giant simulacrum (Coc:4)
  13 hippogriffs
  12 ettin zombies
  6 fire dragon zombies
  A frost giant simulacrum (Abyss:3)
  16 snapping turtles
  43 slime creatures
  6 air elementals
  2 black mamba zombies
  5 ettin skeletons
  171 flying skulls
  27 shadows
  A centaur simulacrum (D:15)
  32 water elementals
  2 alligator skeletons
  2 hogs (shapeshifter)
  11 ice dragon skeletons
  9 tarantellas
  3 wyverns
  2 elf simulacra (Vaults:5)
  A yak (shapeshifter) (Zig:13)
  A vampire (Abyss:1)
  8 fire dragon skeletons
  12 redbacks
  36 yaks
  41 ynoxinuls
  A dire elephant simulacrum (Coc:5)
  2 tarantellas (shapeshifter)
  3 elf skeletons
  28 fire elementals
  4 fire bats
  44 wraiths
  2 basilisks
  7 ushabtiu
  Eustachio (D:5)
  3 golden eyes
  33 neqoxecs
  41 chaos spawn
  A yaktaur simulacrum (Depths:1)
  2 steam dragons (Depths:5)
  14 vampire mosquitoes
  6 hungry ghosts
  4 insubstantial wisps
  61 nagas
  60 small abominations
  A harpy simulacrum (Hell)
  11 wargs
  A monstrous demonspawn zombie (Geh:6)
  3 soldier ants
  5 acid dragons
  20 spatial vortices
  19 water moccasins
  11 porcupines
  2 floating eyes
  An orb spider zombie (Crypt:2)
  3 hydra simulacra
  9 spiny frog zombies
  Duvessa (D:5)
  A black bear (shapeshifter) (Vaults:4)
  2 slaves (D:9)
  3 swamp drakes
  An alligator simulacrum (Hell)
  A black bear (Lair:1)
  63 hell hounds
  An ice beast (shapeshifter) (Elf:1)
  A merfolk skeleton (Tar:3)
  An ettin simulacrum (Coc:7)
  4 ice beasts
  A manticore zombie (Geh:6)
  66 orc warriors
  A sky beast (shapeshifter) (Vaults:5)
  A monstrous demonspawn skeleton (Crypt:3)
  3 elf zombies
  52 ogres
  5 spiny frog skeletons
  8 eyes of draining
  2 sky beasts
  2 snapping turtle zombies
  3 human zombies
  An ice dragon simulacrum (Hell)
  6 phantoms
  4 swamp dragon zombies
  An eye of draining (shapeshifter) (Vaults:3)
  12 necrophages
  58 wolves
  4 boggarts (Depths:2)
  A black mamba simulacrum (Abyss:3)
  4 snapping turtle skeletons
  28 centaurs
  A manticore skeleton (Coc:3)
  3 swamp dragon skeletons
  3 human skeletons
  A lindwurm skeleton (Crypt:2)
  26 crocodiles
  A rime drake zombie (Crypt:3)
  An octopode zombie (Crypt:2)
  A big kobold (D:7)
  A big kobold (shapeshifter) (Zig:14)
  14 bullfrogs
  8 earth elementals
  A glowing shapeshifter simulacrum (Vaults:5)
  Dowan (D:5)
  3 spiny frog simulacra
  A scorpion (shapeshifter) (Vaults:5)
  3 scorpions
  4 killer bees (D:11)
  A troll skeleton (Crypt:3)
  A raiju skeleton (Crypt:1)
  A spriggan skeleton (Coc:6)
  46 wights
  A howler monkey (shapeshifter) (Vaults:5)
  2 howler monkeys
  2 bullfrog zombies
  20 crimson imps
  183 starcursed masses
  2 hounds
  A human simulacrum (Vaults:2)
  7 jellies
  2 lava snakes (D:13)
  10 quasits
  A gnoll shaman (D:5)
  8 orc priests
  44 orc wizards
  Crazy Yiuf (D:4)
  41 iron imps
  Natasha (thrice) (D:2)
  4 iguanas
  7 worker ants
  11 hell rats
  Terence (D:2)
  A porcupine skeleton (Crypt:2)
  A felid zombie (Crypt:1)
  An acid dragon skeleton (Crypt:3)
  An ogre skeleton (Crypt:3)
  A hound skeleton (D:5)
  82 mummies
  A worker ant zombie (D:9)
  Robin (D:4)
  7 adders
  17 gnolls
  20 shadow imps
  21 white imps
  9 ufetubi
  6 oozes
  An adder skeleton (D:4)
  8 ball lightnings (Pan)
  2 dart slugs
  5 leopard geckos
  138 orcs
  7 bats
  4 giant cockroaches
  25 goblins
  22 hobgoblins
  5 jackals
  5 quokkas
  A ball python (D:2)
  2 frilled lizards
  A gnoll skeleton (Crypt:1)
  A jackal skeleton (D:9)
  18 kobolds
  A kobold zombie (Dis:7)
  An orc skeleton (Crypt:3)
  A quokka skeleton (D:7)
  4 rats
  A river rat skeleton (Crypt:3)
  A river rat zombie (Crypt:3)
  A briar patch (Zig:21)
  5 crawling corpses
  3 fire vortices
  2 fungi
  16 plants
  39 starspawn tentacles
  8 tentacles
6649 creatures vanquished.

Vanquished Creatures (collateral kills)
  2 pandemonium lords
  Mara (Tomb:1)
  Mennas (Tomb:2)
  Boris (Tomb:2)
  A greater mummy (Zig:16)
  A doom hound (Tar:7)
  A Tzitzimitl (Tar:7)
  An iron giant (Dis:6)
  2 bone dragons
  2 Brimstone Fiends (Pan)
  2 Ice Fiends
  2 Executioners
  A quicksilver dragon (Dis:7)
  An ancient champion (Dis:7)
  A sphinx (Tomb:1)
  2 vault wardens
  2 warmongers (Zig:8)
  An iron dragon (Dis:7)
  A draconian scorcher (Zig:10)
  An ironheart preserver (Vaults:5)
  A draconian annihilator (Zig:10)
  10 reapers
  8 war gargoyles (Dis:7)
  A green draconian (Zig:4)
  2 stone giants
  A red draconian (Zig:12)
  A vampire knight (Depths:3)
  A bennu (Tomb:1)
  2 purple draconians
  2 spark wasps
  A pale draconian (Depths:5)
  2 yellow draconians
  A deep elf death mage (Zig:15)
  2 mummy priests
  A green death (Pan)
  A yaktaur captain (Depths:4)
  An ice dragon (Depths:2)
  An ogre mage (Vaults:5)
  A centaur warrior (Depths:1)
  2 tengu warriors
  6 death scarabs
  An alligator (Zig:9)
  A deep troll shaman (Depths:3)
  A spriggan berserker (Depths:4)
  6 iron golems (Dis:7)
  A soul eater (Pan)
  4 hell knights
  A spriggan (Zig:9)
  A sun demon (Pan)
  4 iron trolls
  9 skeletal warriors
  An infernal demonspawn (Pan)
  A death drake (Tar:7)
  An obsidian statue (Zig:9)
  A swamp dragon (Zig:9)
  An anaconda zombie (Coc:7)
  A gelid demonspawn (Pan)
  2 golden dragon zombies
  A deep troll (Depths:3)
  A kraken simulacrum (Hell)
  2 wolf spider zombies
  A flayed ghost (Dis:7)
  2 golden dragon skeletons
  2 sphinx zombies
  A phantasmal warrior (Zig:9)
  A wolf spider (Zig:18)
  2 necromancers (Hell)
  3 deep elf magi (Zig:13)
  A fire giant zombie (Tomb:2)
  3 ugly things
  An iron dragon zombie (Zig:14)
  A salamander (Depths:1)
  2 frost giant zombies
  A sphinx skeleton (Zig:8)
  A frost giant skeleton (Coc:7)
  An ice statue (Hell)
  5 smoke demons
  5 rust devils
  A stone giant skeleton (Geh:7)
  A shock serpent zombie (Dis:7)
  2 hellions
  2 orange demons (Pan)
  A freezing wraith (Tar:7)
  2 yaktaurs (Depths:2)
  3 demonic crawlers
  3 red devils
  10 guardian mummies
  An ancient zyme (Zig:7)
  2 tormentors
  An ice devil (Dis:7)
  A spriggan skeleton (Zig:9)
  A hydra zombie (Hell)
  A raiju (Abyss:3)
  A hornet (Zig:9)
  A blink frog (Zig:16)
  An ettin zombie (Dis:7)
  A sphinx simulacrum (Zig:7)
  A fire dragon zombie (Dis:7)
  A tarantella (Zig:18)
  An ettin skeleton (Coc:7)
  6 flying skulls
  2 shadows
  A ynoxinul (Pan)
  A water elemental (Zig:13)
  An ushabti (Tomb:2)
  3 wraiths
  A hungry ghost (Zig:8)
  A chaos spawn (Pan)
  A steam dragon (Depths:5)
  A spatial vortex (Abyss:3)
  2 hell hounds (Dis:7)
  4 orc warriors
  A spiny frog skeleton (Hell)
  A phantom (Tar:7)
  An eye of draining (shapeshifter) (Zig:16)
  A starcursed mass (Zig:16)
  An elf skeleton (Tar:7)
  An iron imp (Dis:7)
  An orc wizard (Zig:11)
  A lightning spire (Zig:6)
  A hell rat (Hell)
  7 mummies
  A plant (Depths:1)
  A tentacle (Tar:7)
230 creatures vanquished.

Vanquished Creatures (others)
  A pandemonium lord (Pan)
  A titan (Pan)
  4 eldritch tentacles
  A daeva (Abyss:3)
  A deep elf sorcerer (Elf:1)
  2 elemental wellsprings (Coc:7)
  An entropy weaver (Zig:18)
  2 merfolk javelineers (Zig:24)
  A jiangshi (Abyss:3)
  32 death scarabs
  A satyr (Zig:24)
  3 hell hogs
  A soul eater (Pan)
  2 orc high priests (Zig:22)
  A sun demon (Abyss:3)
  A skeletal warrior (Tomb:1)
  A flayed ghost (Geh:5)
  A deep elf archer (Elf:1)
  2 deep elf magi (Zig:13)
  A faun (Zig:24)
  A salamander (Snake:3)
  An iron dragon skeleton (Tomb:2)
  A moth of wrath (Zig:22)
  A frost giant skeleton (Geh:7)
  A smoke demon (Pan)
  A hellion (Geh:7)
  A kobold demonologist (Abyss:3)
  A hellwing (Pan)
  4 merfolk
  A red devil (Pan)
  2 wind drakes (Pan)
  A hornet (Zig:18)
  2 polar bears (IceCv)
  A raiju (Abyss:3)
  A hippogriff (shapeshifter) (Depths:1)
  A stone giant simulacrum (Abyss:3)
  3 flying skulls
  A yak (IceCv)
  A golden eye (Abyss:3)
  A hungry ghost (D:9)
  A chaos spawn (Abyss:3)
  A neqoxec (Abyss:3)
  A floating eye (shapeshifter) (Vaults:5)
  2 orc warriors
  A wolf (IceCv)
  2 ogres
  A snapping turtle zombie (Dis:2)
  2 small abominations (Abyss:3)
  A swamp dragon simulacrum (Tomb:3)
  A wight (Geh:1)
  A snapping turtle simulacrum (Hell)
  A starcursed mass (Abyss:3)
  A jelly (Abyss:3)
  An orc wizard (Orc:2)
  3 mummies
  A white imp (Coc:7)
  29 ball lightnings (Pan)
  5 kobolds (Abyss:3)
  A crawling corpse (Vaults:5)
  3 demonic plants (Pan)
  6 lurking horrors
  24 plants
  71 starspawn tentacles
  19 tentacles
266 creatures vanquished.

Grand Total: 7145 creatures vanquished

Notes
Turn   | Place    | Note
-------+----------+-------------------------------------------
     0 | D:1      | Kairos the Hill Orc Fighter began the quest for the Orb.
     0 | D:1      | Reached XP level 1. HP: 19/19 MP: 1/1
    88 | D:1      | Reached XP level 2. HP: 25/27 MP: 2/2
   251 | D:1      | Reached XP level 3. HP: 32/33 MP: 3/3
   591 | D:2      | Noticed Terence
   605 | D:2      | Killed Terence
   605 | D:2      | Reached XP level 4. HP: 19/40 MP: 4/4
   858 | D:2      | Noticed Natasha
   869 | D:2      | Killed Natasha
   869 | D:2      | Reached skill level 1 in Dodging
  1251 | D:2      | Noticed Natasha
  1256 | D:2      | Killed Natasha
  1256 | D:2      | Reached XP level 5. HP: 47/47 MP: 5/5
  1268 | D:2      | Noticed Natasha
  1275 | D:2      | Killed Natasha
  1863 | D:3      | Found a faded altar of an unknown god.
  1976 | D:3      | Found a bloodstained altar of Trog.
  2042 | D:3      | Found an iron altar of Okawaru.
  2061 | D:3      | Became a worshipper of Warmaster Okawaru
  2263 | D:4      | Noticed Robin
  2273 | D:4      | Killed Robin
  2275 | D:4      | Reached XP level 6. HP: 54/55 MP: 6/6
  2332 | D:4      | Reached skill level 5 in Axes
  2441 | D:4      | Reached skill level 5 in Fighting
  2503 | D:4      | Found a runed door.
  2566 | D:4      | Found a glowing golden altar of the Shining One.
  2608 | D:4      | Found a staircase to the Ecumenical Temple.
  2794 | D:4      | Found a shattered altar of Ashenzari.
  2850 | D:4      | Noticed Crazy Yiuf
  2866 | D:4      | Killed Crazy Yiuf
  2927 | D:5      | Entered Level 5 of the Dungeon
  3041 | D:5      | Reached * piety under Okawaru
  3048 | D:5      | Reached XP level 7. HP: 44/61 MP: 7/7
  3102 | D:5      | Noticed Duvessa
  3103 | D:5      | Noticed Dowan
  3114 | D:5      | Killed Duvessa
  3134 | D:5      | Killed Dowan
  3134 | D:5      | Reached skill level 5 in Shields
  3383 | D:5      | Noticed Eustachio
  3399 | D:5      | Killed Eustachio
  3399 | D:5      | Reached ** piety under Okawaru
  3399 | D:5      | Reached XP level 8. HP: 62/70 MP: 8/8
  4046 | D:6      | Found a bloodstained altar of Trog.
  4194 | D:6      | Noticed ceb's ghost (novice DsFi)
  4218 | D:6      | Killed ceb's ghost
  4218 | D:6      | Reached *** piety under Okawaru
  4218 | D:6      | Reached skill level 5 in Armour
  4218 | D:6      | Reached XP level 9. HP: 53/78 MP: 6/9
  4343 | D:6      | Reached skill level 10 in Axes
  4761 | D:7      | Found a hazy altar of Hepliaklqana.
  4777 | D:7      | Noticed ceb's ghost (novice DsFi)
  4791 | D:7      | Reached skill level 1 in Invocations
  4805 | D:7      | Killed ceb's ghost
  4929 | D:7      | Noticed a dagger
  4930 | D:7      | Noticed a dagger
  4933 | D:7      | Found a hide-covered altar of Uskayaw.
  5340 | D:8      | Noticed a two-headed ogre
  5350 | D:8      | Killed a two-headed ogre
  5350 | D:8      | Reached **** piety under Okawaru
  5350 | D:8      | Reached XP level 10. HP: 67/89 MP: 8/11
  5421 | D:8      | Noticed damerell's ghost (novice NaBe)
  5451 | D:8      | Found a shimmering altar of Xom.
  5489 | D:8      | Killed damerell's ghost
  5489 | D:8      | Reached ***** piety under Okawaru
  5489 | D:8      | Reached skill level 1 in Stealth
  5617 | D:8      | Got a shimmering tin ring
  5619 | D:8      | Identified the ring of Syariles {rElec rC+ AC+1 Stlth+} (You found it on level 8 of the Dungeon)
  5726 | D:8      | Found an ancient bone altar of Kikubaaqudgha.
  5784 | D:8      | Noticed a two-headed ogre
  5795 | D:8      | Killed a two-headed ogre
  6202 | D:9      | Noticed a centaur warrior
  6263 | D:9      | Killed a centaur warrior
  6263 | D:9      | Reached XP level 11. HP: 26/97 MP: 12/12
  6318 | D:9      | Noticed Pikel
  6596 | D:9      | Killed Pikel
  6999 | D:10     | Entered Level 10 of the Dungeon
  7002 | D:10     | Got a heavily runed ring mail
  7013 | D:10     | Identified the +2 ring mail of the Mutiny {Str+2} (You found it on level 10 of the Dungeon)
  7041 | D:10     | Found a staircase to the Lair.
  7247 | D:10     | Found an iron altar of Okawaru.
  7418 | Lair:1   | Entered Level 1 of the Lair of Beasts
  7895 | Lair:1   | Reached skill level 10 in Fighting
  7910 | Lair:1   | Received a gift from Okawaru
  7931 | Lair:1   | Reached ****** piety under Okawaru
  8356 | Lair:1   | Noticed a five-headed hydra
  8379 | Lair:1   | Killed a five-headed hydra
  8379 | Lair:1   | Reached skill level 15 in Axes
  8379 | Lair:1   | Reached XP level 12. HP: 87/106 MP: 11/13
  8576 | Lair:2   | Reached skill level 1 in Maces & Flails
  8583 | Lair:2   | Reached skill level 10 in Shields
  8816 | Lair:2   | Found a labyrinth entrance.
  8822 | Lair:2   | Found a staircase to the Snake Pit.
  8860 | Lab      | Entered a labyrinth
  9163 | Lab      | Noticed a minotaur
  9184 | Lab      | Killed a minotaur
  9276 | Lair:2   | Noticed a six-headed hydra
  9290 | Lair:2   | Killed a six-headed hydra
  9299 | Lair:2   | Found a frozen archway.
  9334 | IceCv    | Entered an ice cave
 10068 | IceCv    | Received a gift from Okawaru
 10492 | IceCv    | Noticed a death yak
 10492 | IceCv    | Noticed a frost giant
 10513 | IceCv    | Killed a death yak
 10513 | IceCv    | Received a gift from Okawaru
 10541 | IceCv    | Killed a frost giant
 10541 | IceCv    | Reached skill level 10 in Armour
 10541 | IceCv    | Reached XP level 13. HP: 31/116 MP: 3/15
 10964 | IceCv    | Got an encrusted long sword {god gift}
 11442 | Lair:2   | Found a staircase to the Shoals.
 11835 | Lair:2   | Noticed an ice dragon
 11844 | Lair:2   | Killed an ice dragon
 12175 | Lair:3   | Received a gift from Okawaru
 12176 | Lair:3   | Got a crude scarf {god gift}
 12187 | Lair:3   | Identified the scarf of Yckeh {SInv} (Okawaru gifted it to you on level 3 of the Lair of Beasts)
 12459 | Lair:3   | Noticed Nergalle
 12467 | Lair:3   | Noticed Gastronok
 12474 | Lair:3   | Killed Nergalle
 12482 | Lair:3   | Killed Gastronok
 12682 | Lair:3   | Noticed Urug
 12690 | Lair:3   | Killed Urug
 13659 | Lair:2   | Identified the +1 long sword "Diggo" {speed, MR+ SInv} (Okawaru gifted it to you in an ice cave)
 13712 | Lair:4   | Noticed Harold
 13729 | Lair:4   | Killed Harold
 14239 | Lair:5   | Reached XP level 14. HP: 101/128 MP: 17/17
 14317 | Lair:5   | Found a staircase to the Slime Pits.
 15438 | Lair:6   | Entered Level 6 of the Lair of Beasts
 15456 | Lair:6   | Received a gift from Okawaru
 15457 | Lair:6   | Noticed Rupert
 15496 | Lair:5   | Killed Rupert
 16048 | Lair:6   | Received a gift from Okawaru
 16064 | Lair:6   | Reached skill level 5 in Invocations
 16437 | Lair:6   | Got a vibrating wooden ring
 16440 | Lair:6   | Identified the ring "Cuic Hyvvicw" {Dex+2 Stlth+} (You found it on level 6 of the Lair of Beasts)
 16886 | Lair:6   | Received a gift from Okawaru
 16996 | Lair:2   | Learned a level 2 spell: Blink
 17753 | Snake:1  | Entered Level 1 of the Snake Pit
 17790 | Snake:1  | Reached XP level 15. HP: 136/139 MP: 18/18
 18477 | Snake:2  | Reached skill level 15 in Fighting
 18755 | Snake:2  | Noticed a nagaraja
 20050 | Snake:2  | Received a gift from Okawaru
 20318 | Snake:2  | Killed a nagaraja
 21871 | Snake:2  | Noticed Aizul
 22102 | Snake:2  | Killed Aizul
 23118 | Snake:2  | Received a gift from Okawaru
 23604 | Snake:3  | Reached XP level 16. HP: 70/151 MP: 18/20
 25836 | Snake:4  | Entered Level 4 of the Snake Pit
 26490 | Snake:4  | Noticed Louise
 26507 | Snake:4  | Killed Louise
 27518 | Snake:4  | Received a gift from Okawaru
 27550 | Snake:4  | Noticed Agnes
 27573 | Snake:4  | Killed Agnes
 27573 | Snake:4  | Reached skill level 5 in Dodging
 27997 | Snake:4  | Reached skill level 15 in Shields
 28412 | Snake:4  | Reached XP level 17. HP: 92/160 MP: 21/21
 28659 | Snake:4  | Received a gift from Okawaru
 30736 | Snake:4  | Got a serpentine rune of Zot
 31362 | D:11     | Found Hixo Vam's General Store.
 31659 | D:11     | Found a staircase to the Orcish Mines.
 31899 | D:11     | Received a gift from Okawaru
 32099 | Orc:1    | Entered Level 1 of the Orcish Mines
 32130 | Orc:1    | Found a roughly hewn altar of Beogh.
 32168 | Orc:1    | Found Roqorr's Magic Scroll Shop.
 32282 | Orc:1    | Found Janef's Assorted Antiques.
 32335 | Orc:1    | Found Uterywn's Magic Scroll Emporium.
 32532 | Orc:2    | Entered Level 2 of the Orcish Mines
 32966 | Orc:2    | Found a staircase to the Elven Halls.
 32968 | Orc:2    | Noticed Erolcha
 32981 | Orc:2    | Killed Erolcha
 33022 | Orc:2    | Found Genoyhut's Gadget Shoppe.
 33101 | Orc:2    | Found a burning altar of Makhleb.
 33147 | Orc:2    | Found Kifer's Distillery.
 33223 | Orc:2    | Found an ancient bone altar of Kikubaaqudgha.
 33223 | Orc:2    | Paralysed by an orc sorcerer for 3 turns
 33407 | Orc:2    | Found a radiant altar of Vehumet.
 33472 | Orc:2    | Found a roughly hewn altar of Beogh.
 33473 | Orc:2    | Found Mianaoha's Antique Weapon Shoppe.
 33535 | Orc:2    | Found Ufustuxe's Antique Weapon Emporium.
 33867 | Orc:1    | Found Xiut Omi's General Store.
 33898 | Orc:1    | Bought a potion of berserk rage for 70 gold pieces
 33898 | Orc:1    | Bought a potion of resistance for 140 gold pieces
 33898 | Orc:1    | Bought a scroll of identify for 28 gold pieces
 33908 | Orc:1    | Bought a scroll of fog for 22 gold pieces
 33908 | Orc:1    | Bought a scroll of teleportation for 33 gold pieces
 33908 | Orc:1    | Bought a scroll of recharging for 104 gold pieces
 33908 | Orc:1    | Bought a scroll of identify for 22 gold pieces
 33908 | Orc:1    | Bought a scroll of fog for 22 gold pieces
 33952 | Orc:1    | Bought a fuming orange potion for 27 gold pieces
 33952 | Orc:1    | Bought a glowing scarf for 240 gold pieces
 33952 | Orc:1    | Bought a scroll of fog for 60 gold pieces
 33952 | Orc:1    | Bought a scroll of teleportation for 90 gold pieces
 34145 | Orc:2    | Bought a potion of curing for 33 gold pieces
 34145 | Orc:2    | Bought a potion of heal wounds for 55 gold pieces
 34145 | Orc:2    | Bought a potion of agility for 44 gold pieces
 34145 | Orc:2    | Bought a potion of resistance for 110 gold pieces
 34398 | Lair:2   | Reached skill level 1 in Throwing
 34398 | Lair:2   | Reached skill level 1 in Unarmed Combat
 34398 | Lair:2   | Reached skill level 1 in Evocations
 34398 | Lair:2   | Reached XP level 18. HP: 168/171 MP: 23/23
 34485 | Shoals:1 | Entered Level 1 of the Shoals
 34813 | Shoals:1 | Reached XP level 19. HP: 165/179 MP: 24/24
 37822 | Shoals:3 | Got a faintly humming ring mail
 37833 | Shoals:3 | Identified the +3 ring mail of Makhleb {MR+ MP+9} (You found it on level 3 of the Shoals)
 38501 | Shoals:3 | Got an ichor-stained scale mail
 38512 | Shoals:3 | Identified the +1 scale mail of Jacog {Regen+ Dex+4} (You took it off a merfolk on level 3 of the Shoals)
 38548 | Shoals:3 | Reached skill level 15 in Armour
 38792 | Shoals:4 | Entered Level 4 of the Shoals
 38991 | Shoals:4 | Received a gift from Okawaru
 39253 | Shoals:4 | Got a black opal-encrusted chain mail
 39269 | Shoals:3 | Identified the +11 chain mail of Qagol {Str+6 SInv} (You took it off a merfolk javelineer on level 4 of the Shoals)
 40088 | Shoals:4 | Noticed Ilsuiw
 40353 | Shoals:4 | Killed Ilsuiw
 40491 | Shoals:4 | Reached XP level 20. HP: 187/191 MP: 25/25
 40726 | Shoals:4 | Received a gift from Okawaru
 40787 | Shoals:4 | Got a barnacled rune of Zot
 41155 | Shoals:4 | Got a scorched chain mail
 41166 | Shoals:4 | Identified the cursed +1 chain mail of Dramatic Exits {Str+4 Int+2} (You found it on level 4 of the Shoals)
 41644 | Elf:1    | Entered Level 1 of the Elven Halls
 41815 | Elf:1    | Received a gift from Okawaru
 41917 | Elf:1    | You fall through a shaft!
 43767 | Elf:2    | Received a gift from Okawaru
 43914 | Elf:2    | Found a runed gate.
 43914 | Elf:2    | Found a runed gate.
 43915 | Elf:2    | Found a runed gate.
 44243 | Elf:2    | Reached XP level 21. HP: 201/201 MP: 27/27
 44306 | Elf:2    | Reached skill level 1 in Spellcasting
 44306 | Elf:2    | Reached skill level 1 in Translocations
 44306 | Elf:2    | Reached XP level 22. HP: 206/209 MP: 28/28
 44386 | Elf:2    | Found Looda's Food Shop.
 44386 | Elf:2    | Found Etzuhiov's Assorted Antiques.
 44407 | Elf:2    | Found Nauket's Gadget Boutique.
 44568 | Elf:2    | Received a gift from Okawaru
 44978 | D:12     | Found an ancient bone altar of Kikubaaqudgha.
 44988 | D:12     | Found Otygocw's Weapon Shoppe.
 45201 | D:12     | Noticed Nessos
 45213 | D:12     | Killed Nessos
 45213 | D:12     | Received a gift from Okawaru
 45268 | D:12     | Got a crude jade ring
 45270 | D:12     | Identified the ring "Gyrogid" {Int+3 Dex+3} (You found it on level 12 of the Dungeon)
 45384 | D:12     | Noticed Azrael
 45395 | D:12     | Killed Azrael
 45560 | D:13     | Noticed Frances
 45573 | D:13     | Killed Frances
 45648 | D:13     | Found a flagged portal.
 45659 | Bailey   | Entered a bailey
 45670 | Bailey   | Noticed ceb's ghost (novice DsFi)
 45681 | Bailey   | Killed ceb's ghost
 46742 | D:13     | Noticed Josephine
 46753 | D:13     | Killed Josephine
 46846 | D:14     | Found a gate to the Vaults.
 46860 | D:14     | Identified 2 scrolls of acquirement
 47880 | D:14     | Noticed Snorg
 47888 | D:14     | Killed Snorg
 48170 | D:15     | Entered Level 15 of the Dungeon
 48864 | D:15     | Found a staircase to the Depths.
 48949 | D:15     | Got an ebony war axe
 48952 | D:15     | Identified the +3 war axe "Wiybye" {flame, +Inv rF- Str+5 Int+4} (You acquired it on level 15 of the Dungeon)
 49281 | Vaults:1 | Entered Level 1 of the Vaults
 49378 | Vaults:1 | Found Raxaoh's Antique Armour Emporium.
 49407 | Vaults:1 | Bought a glowing cloak for 300 gold pieces
 49407 | Vaults:1 | Bought a pair of embroidered boots for 300 gold pieces
 49551 | Vaults:1 | Got a pair of slimy boots
 49557 | Vaults:1 | Identified the -1 pair of boots "Uppom" {Str+5 Int+7 Dex-2} (You found it on level 1 of the Vaults)
 49574 | Vaults:1 | Found Deysaih's Weapon Shoppe.
 49949 | Vaults:1 | Found Cioso's Antique Weapon Emporium.
 50025 | Vaults:1 | Found Sorghyawi's Food Boutique.
 50145 | Vaults:1 | Received a gift from Okawaru
 50698 | Vaults:2 | Noticed Donald
 50703 | Vaults:2 | Killed Donald
 50863 | Vaults:2 | Reached XP level 23. HP: 220/220 MP: 29/29
 50948 | Vaults:2 | Found a staircase to the Crypt.
 51994 | Vaults:3 | Received a gift from Okawaru
 54099 | Vaults:4 | Found Toxahe's Distillery.
 54105 | Vaults:4 | Bought a potion of heal wounds for 55 gold pieces
 54105 | Vaults:4 | Bought a potion of haste for 110 gold pieces
 54105 | Vaults:4 | Bought a potion of heal wounds for 55 gold pieces
 54407 | Vaults:4 | Received a gift from Okawaru
 55041 | Vaults:4 | Noticed Bai Suzhen
 55060 | Vaults:4 | Killed Bai Suzhen
 55951 | Elf:3    | Entered Level 3 of the Elven Halls
 56217 | Elf:3    | Reached XP level 24. HP: 191/231 MP: 29/29
 57170 | Elf:3    | Received a gift from Okawaru
 57815 | Elf:3    | Got a brightly glowing lapis lazuli ring
 57998 | Elf:3    | Identified Sif Muna's Incunabulum of Spatial Flames
 58082 | Elf:3    | Identified the ring "Ofoapaoq" {rN+ Dex+5} (You took it off a deep elf demonologist on level 3 of the Elven Halls)
 58088 | Elf:3    | Got an ichor-stained chain mail
 58134 | Elf:3    | Identified the +7 chain mail of Idi Naakom {rN+ rCorr} (You found it on level 3 of the Elven Halls)
 58318 | Elf:3    | Identified the Grimoire of Supportive Snow
 58343 | Elf:3    | Got a clouded silver ring
 58345 | Elf:3    | Identified the ring "Bonteyki" {MR+ Int+5 Dex+2} (You took it off a deep elf death mage on level 3 of the Elven Halls)
 58354 | Elf:3    | Got a steaming leather armour
 58365 | Elf:3    | Identified the +0 leather armour of Seida {*Corrode MR+ Str+6} (You took it off a deep elf death mage on level 3 of the Elven Halls)
 58471 | Elf:3    | Learned a level 5 spell: Metabolic Englaciation
 58487 | Elf:3    | Got an iridescent triple crossbow
 58493 | Elf:3    | Identified the +6 triple crossbow "Xamyotsi" {velocity, rPois rN+++ Int-2} (You found it on level 3 of the Elven Halls)
 58514 | Elf:3    | Got a jewelled battleaxe {flame}
 58515 | Elf:3    | Identified the +6 battleaxe of Courage {flame, Dex+2} (You took it off a deep elf sorcerer on level 3 of the Elven Halls)
 58522 | Elf:3    | Got a dazzling trident
 58523 | Elf:3    | Identified the +2 trident "Dickeqe" {pain, rF+ MR+ Str-3} (You found it on level 3 of the Elven Halls)
 58869 | Elf:3    | Got a shimmering short sword
 58870 | Elf:3    | Identified the +8 short sword "Jellyslayer" {freeze, MR+} (You found it on level 3 of the Elven Halls)
 58942 | Elf:3    | Got a warped mace {crush}
 58943 | Elf:3    | Identified the cursed +0 mace of the Hand {crush, rF++ Int+3} (You took it off a deep elf sorcerer on level 3 of the Elven Halls)
 59005 | Elf:2    | Bought a scroll of enchant weapon for 255 gold pieces
 59819 | Vaults:5 | Entered Level 5 of the Vaults
 59824 | Vaults:5 | Noticed an ancient lich
 59827 | Vaults:5 | Noticed Jorgrun
 59833 | Vaults:5 | Noticed Saint Roka
 59849 | Vaults:4 | Killed Jorgrun
 59849 | Vaults:4 | Reached skill level 5 in Evocations
 60235 | Vaults:5 | Received a gift from Okawaru
 60565 | Vaults:5 | Killed an ancient lich
 60599 | Vaults:5 | Killed Saint Roka
 60986 | Vaults:4 | Received a gift from Okawaru
 60986 | Vaults:4 | Reached XP level 25. HP: 37/240 MP: 23/29
 61834 | Vaults:5 | Received a gift from Okawaru
 61853 | Vaults:5 | Got a silver rune of Zot
 62671 | Vaults:5 | Received a gift from Okawaru
 62774 | Vaults:5 | Identified the Almanac of Vlad
 63197 | Vaults:5 | Got a clouded granite ring
 63586 | Vaults:4 | Got a flickering silver ring
 63897 | Vaults:5 | Received a gift from Okawaru
 64268 | Vaults:5 | Got a brightly glowing granite ring
 64295 | Vaults:5 | Got a smoking scarf
 64306 | Vaults:5 | Identified the scarf of Existentialism {MR+ Dex+4} (You found it on level 5 of the Vaults)
 64328 | Vaults:5 | Got an opal-encrusted ring mail
 64340 | Vaults:5 | Identified the +4 ring mail of Ashiexka {MR+ Dex+2 SInv} (You found it on level 5 of the Vaults)
 64408 | Vaults:5 | Identified the ring of Discretion {AC+1 Int+4} (You took it off a vault warden on level 5 of the Vaults)
 64411 | Vaults:5 | Identified the ring "Parilaw" {rPois Str+3} (You took it off a fire giant on level 4 of the Vaults)
 64413 | Vaults:5 | Identified the ring "Penao" {rPois rN+} (You found it on level 5 of the Vaults)
 64751 | Vaults:5 | Reached XP level 26. HP: 188/253 MP: 30/30
 64806 | Vaults:5 | Received a gift from Okawaru
 64915 | Vaults:5 | Got a smoking chain mail
 64926 | Vaults:5 | Identified the +5 chain mail "Ypukuon" {Stlth+} (You found it on level 5 of the Vaults)
 65301 | Vaults:5 | Got a jacinth-studded scale mail
 65312 | Vaults:5 | Identified the +3 scale mail of Mezcal {rElec rPois rC-} (You found it on level 5 of the Vaults)
 65521 | Vaults:5 | Got a steaming hand crossbow
 65522 | Vaults:5 | Identified the +0 hand crossbow "Xaesall" {velocity, MP+9} (You found it on level 5 of the Vaults)
 66378 | Depths:1 | Entered Level 1 of the Depths
 66488 | Depths:1 | Reached skill level 5 in Spellcasting
 66553 | Depths:1 | Reached skill level 1 in Ice Magic
 66601 | Depths:1 | Found a gateway to Hell.
 66678 | Depths:1 | Found a shattered altar of Ashenzari.
 67515 | Depths:1 | Found a portal to a secret trove of treasure.
 67564 | Depths:2 | Received a gift from Okawaru
 67990 | Depths:2 | Found Guseg's Armour Boutique.
 68668 | Depths:3 | Found a one-way gate to the infinite horrors of the Abyss.
 68811 | Depths:3 | Received a gift from Okawaru
 68812 | Depths:3 | Got a scorched war axe {god gift}
 69100 | Depths:3 | Found a one-way gate leading to the halls of Pandemonium.
 69364 | Depths:4 | Reached XP level 27. HP: 232/261 MP: 32/32
 69789 | Depths:4 | Received a gift from Okawaru
 69848 | Depths:4 | Reached skill level 5 in Ice Magic
 69935 | Depths:4 | Got a faintly glowing iron ring
 69936 | Depths:4 | Noticed a greater mummy
 69949 | Depths:4 | Killed a greater mummy
 69974 | Depths:4 | Noticed a greater mummy
 69994 | Depths:4 | Noticed a greater mummy
 69994 | Depths:4 | Killed a greater mummy
 69994 | Depths:4 | Reached skill level 5 in Translocations
 70008 | Depths:4 | Killed a greater mummy
 70310 | Depths:4 | Found a gateway to a ziggurat.
 70758 | Depths:5 | Entered Level 5 of the Depths
 70821 | Depths:4 | Identified the ring of Orthodoxy {rF+ Int+2} (You took it off a vampire knight on level 4 of the Depths)
 70823 | Depths:4 | Identified the +0 war axe "Nibbeliade" {chop, +Rage} (Okawaru gifted it to you on level 3 of the Depths)
 71446 | Depths:5 | Received a gift from Okawaru
 71457 | Depths:5 | Got a translucent scarf {god gift}
 71687 | Depths:5 | Identified the scarf "Lopsuarpho" {Str+4 Int+4 Dex+3} (Okawaru gifted it to you on level 5 of the Depths)
 71806 | Depths:5 | Found a gate to the Realm of Zot.
 72011 | Depths:5 | Found Cachyex's Gadget Shop.
 72011 | Depths:5 | Found Ziaqoh's Jewellery Emporium.
 72012 | Depths:5 | Found Owomepla's Jewellery Emporium.
 72201 | Hell     | Entered the Vestibule of Hell
 72201 | Hell     | Noticed Geryon
 72261 | Hell     | Killed Geryon
 72784 | Hell     | Received a gift from Okawaru
 73171 | Hell     | Found a gateway to the freezing wastes of Cocytus.
 73243 | Hell     | Found a gateway to the decaying netherworld of Tartarus.
 73361 | Hell     | Found a gateway to the Iron City of Dis.
 73455 | Hell     | Found a gateway to the ashen valley of Gehenna.
 74248 | Lair:2   | Learned a level 2 spell: Swiftness
 74254 | Lair:2   | Learned a level 3 spell: Gell's Gravitas
 74258 | Lair:2   | Learned a level 3 spell: Lesser Beckoning
 74523 | D:4      | Fell from the grace of Okawaru
 74523 | D:4      | Became a worshipper of the Shining One
 74808 | Crypt:1  | Entered Level 1 of the Crypt
 74857 | Crypt:1  | Reached skill level 10 in Invocations
 74865 | Crypt:1  | Reached * piety under the Shining One
 74944 | Crypt:1  | Reached skill level 1 in Hexes
 74999 | Crypt:1  | Reached ** piety under the Shining One
 75112 | Crypt:1  | Reached *** piety under the Shining One
 75576 | Crypt:2  | Reached **** piety under the Shining One
 75818 | Crypt:2  | Reached ***** piety under the Shining One
 76589 | Crypt:3  | Entered Level 3 of the Crypt
 76597 | Crypt:3  | Noticed Frederick
 76604 | Crypt:3  | Reached ****** piety under the Shining One
 76619 | Crypt:3  | Killed Frederick
 76689 | Crypt:3  | Identified a +9 broad axe of holy wrath (a +7 broad axe blessed by the Shining One)
 76689 | Crypt:3  | Received a gift from the Shining One
 76956 | Crypt:3  | Found a staircase to the Tomb.
 77033 | Crypt:3  | Noticed Khufu
 77033 | Crypt:3  | Noticed a greater mummy
 77057 | Crypt:3  | Killed a greater mummy
 77569 | Crypt:3  | Found an ancient bone altar of Kikubaaqudgha.
 77687 | Crypt:3  | Killed Khufu
 77772 | Crypt:3  | Identified the Compendium of Unholy Rites
 77801 | Crypt:3  | Got a heavily runed crystal amulet
 77802 | Crypt:3  | Identified the amulet "Ocoecuv" {RegenMP rF+} (You took it off a skeletal warrior on level 3 of the Crypt)
 77831 | Crypt:3  | Noticed an ancient lich
 77844 | Crypt:3  | Killed an ancient lich
 78003 | Crypt:3  | Reached skill level 5 in Hexes
 79240 | Elf:2    | Bought a wand of digging (15/24) for 570 gold pieces
 79687 | Depths:5 | Bought an uncursed amulet of harm for 330 gold pieces
 79687 | Depths:5 | Bought an uncursed ring of protection from cold for 275 gold pieces
 79695 | Depths:5 | Bought the ring "Aselekki" {Fire MR+ MP+9} for 621 gold pieces
 79695 | Depths:5 | Bought an uncursed amulet of regeneration for 330 gold pieces
 79715 | Depths:5 | Bought an uncursed ring of poison resistance for 440 gold pieces
 80159 | Tar:1    | Entered Level 1 of Tartarus
 80180 | Tar:1    | Reached skill level 10 in Evocations
 80218 | Tar:1    | Reached skill level 1 in Air Magic
 80896 | Tar:7    | Entered Level 7 of Tartarus
 81911 | Tar:7    | Noticed the Serpent of Hell
 81931 | Tar:7    | Killed the Serpent of Hell
 82150 | Tar:7    | Was forgiven by Okawaru
 82169 | Tar:7    | Noticed Ereshkigal
 82394 | Tar:7    | Killed Ereshkigal
 82471 | Tar:7    | Got a bone rune of Zot
 82519 | Tar:7    | Reached skill level 10 in Ice Magic
 82618 | Tar:7    | Reached skill level 10 in Spellcasting
 83582 | Depths:5 | Bought the ring "Badeesa" {rCorr rElec rC+} for 902 gold pieces
 83691 | Coc:1    | Entered Level 1 of Cocytus
 84013 | Coc:4    | Noticed an ancient lich
 84049 | Coc:4    | Killed an ancient lich
 84084 | Coc:4    | Reached skill level 10 in Dodging
 84214 | Coc:4    | Reached skill level 5 in Air Magic
 84887 | Coc:6    | Reached skill level 10 in Translocations
 84902 | Coc:7    | Entered Level 7 of Cocytus
 85406 | Coc:7    | Reached skill level 15 in Invocations
 87015 | Coc:7    | Noticed Antaeus
 87047 | Coc:7    | Killed Antaeus
 87512 | Coc:7    | Got an icy rune of Zot
 87518 | Coc:7    | Identified Nyogan's Disquisition on Darkness and Displacement
 88107 | Hell     | Learned a level 2 spell: Song of Slaying
 88154 | Geh:1    | Entered Level 1 of Gehenna
 88167 | Geh:1    | Reached skill level 10 in Hexes
 89347 | Geh:7    | Entered Level 7 of Gehenna
 90437 | Geh:7    | Got a smoking hunting sling
 90583 | Geh:7    | Got a jewelled arbalest
 90855 | Geh:7    | Noticed Asmodeus
 90870 | Geh:7    | Killed Asmodeus
 90876 | Geh:7    | Got an obsidian rune of Zot
 91103 | Hell     | Identified the +5 hunting sling "Piasaiti" {freeze, +Fly MP+9 Str+3 Stlth+} (You took it off a crimson imp on level 7 of Gehenna)
 91149 | Hell     | Learned a level 1 spell: Apportation
 91273 | Dis:1    | Entered Level 1 of the Iron City of Dis
 91346 | Dis:1    | You fall through a shaft!
 92448 | Dis:6    | Reached skill level 27 in Fighting
 92602 | Dis:7    | Entered Level 7 of the Iron City of Dis
 92608 | Dis:7    | Reached skill level 1 in Charms
 92631 | Dis:7    | Found a huge runed gate.
 92631 | Dis:7    | Found a huge runed gate.
 92631 | Dis:7    | Found a huge runed gate.
 94182 | Dis:7    | Identified Dexzeris's Papyrus of the Bewitching Traveller
 94226 | Dis:7    | Got a crude scale mail
 94227 | Dis:7    | Identified the +6 scale mail of Katrill {+Fly} (You found it on level 7 of the Iron City of Dis)
 94303 | Dis:7    | Got a pitted marble ring
 94304 | Dis:7    | Identified the ring "Arury" {AC+3 Dex+2} (You found it on level 7 of the Iron City of Dis)
 94430 | Dis:7    | Noticed Dispater
 94909 | Dis:7    | Killed Dispater
 95001 | Dis:7    | Got an iron rune of Zot
 95008 | Dis:7    | Got a slimy broad axe
 95561 | Hell     | Identified the +9 broad axe of Sitaaqov {pain, rElec rN+ Int+4 Stlth+} (You found it on level 7 of the Iron City of Dis)
 95613 | Hell     | Learned a level 5 spell: Silence
 95639 | Hell     | Identified the +6 arbalest of Equivalence {venom, Int+4} (You found it on level 7 of Gehenna)
 95981 | Orc:1    | Bought a scroll of enchant armour for 97 gold pieces
 96068 | Orc:1    | You fall through a shaft!
 96139 | Orc:2    | Bought a potion of magic for 88 gold pieces
 96545 | Tomb:1   | Entered Level 1 of the Tomb of the Ancients
 97019 | Tomb:1   | Noticed a greater mummy
 97046 | Tomb:1   | Killed a greater mummy
 97211 | Tomb:1   | Reached skill level 10 in Air Magic
 97298 | Tomb:1   | Noticed Mara
 97314 | Tomb:1   | Killed Mara
 97635 | Tomb:2   | Noticed a greater mummy
 97637 | Tomb:2   | Noticed a greater mummy
 97651 | Tomb:2   | Noticed an ancient lich
 97653 | Tomb:2   | Noticed a greater mummy
 97654 | Tomb:2   | Killed a greater mummy
 97660 | Tomb:2   | Killed a greater mummy
 97664 | Tomb:2   | Noticed Boris
 97667 | Tomb:2   | HP: 11/273 [acid (7)]
 97669 | Tomb:2   | Killed an ancient lich
 97674 | Tomb:2   | Killed a greater mummy
 97674 | Tomb:2   | Reached skill level 5 in Charms
 97676 | Tomb:2   | Killed Boris
 97740 | Tomb:2   | Noticed Mennas
 97765 | Tomb:2   | Killed Mennas
 98535 | Tomb:1   | Noticed a greater mummy
 98535 | Tomb:1   | Noticed a greater mummy
 98535 | Tomb:1   | Noticed a greater mummy
 98535 | Tomb:1   | Noticed a greater mummy
 98535 | Tomb:1   | Noticed a greater mummy
 98536 | Tomb:1   | Noticed a greater mummy
 98536 | Tomb:1   | Noticed a greater mummy
 98546 | Tomb:1   | Killed a greater mummy
 98548 | Tomb:1   | Killed a greater mummy
 98553 | Tomb:1   | Noticed a greater mummy
 98555 | Tomb:1   | Killed a greater mummy
 98559 | Tomb:1   | Killed a greater mummy
 98559 | Tomb:1   | Reached skill level 15 in Evocations
 99190 | Tomb:1   | Killed a greater mummy
 99194 | Tomb:1   | Noticed a greater mummy
 99200 | Tomb:1   | Killed a greater mummy
 99241 | Tomb:1   | Noticed a greater mummy
 99278 | Tomb:1   | Killed a greater mummy
 99291 | Tomb:1   | Killed a greater mummy
 99445 | Tomb:1   | Noticed a greater mummy
 99587 | Tomb:1   | Killed a greater mummy
 99611 | Tomb:1   | Killed a greater mummy
 99619 | Tomb:1   | Killed a greater mummy
 99746 | Tomb:1   | Noticed a greater mummy
 99768 | Tomb:1   | Killed a greater mummy
100064 | Tomb:1   | Noticed a greater mummy
100095 | Tomb:1   | Killed a greater mummy
100171 | Tomb:1   | Noticed a greater mummy
100209 | Tomb:1   | Killed a greater mummy
100530 | Tomb:1   | Noticed a greater mummy
100538 | Tomb:1   | Killed a greater mummy
100685 | Tomb:1   | Noticed a greater mummy
100717 | Tomb:1   | Killed a greater mummy
101370 | Tomb:3   | Entered Level 3 of the Tomb of the Ancients
101400 | Tomb:3   | Got a wavering golden amulet
101423 | Tomb:3   | Noticed a greater mummy
101426 | Tomb:3   | Noticed a greater mummy
102112 | Tomb:3   | Noticed a greater mummy
102161 | Tomb:3   | HP: 13/271 [greater mummy/divine providence (11)]
102908 | Hell     | Identified the amulet of Felu {RegenMP Str+4} (You found it on level 3 of the Tomb of the Ancients)
103805 | Vaults:4 | Bought a potion of curing for 33 gold pieces
103805 | Vaults:4 | Bought 2 potions of cancellation for 176 gold pieces
103805 | Vaults:4 | Bought a potion of curing for 33 gold pieces
103805 | Vaults:4 | Bought a potion of cancellation for 88 gold pieces
103805 | Vaults:4 | Bought a potion of berserk rage for 55 gold pieces
103979 | Vaults:1 | Learned a level 8 spell: Ignition
104227 | Hell     | Got a pair of encrusted boots
104238 | Hell     | Identified the +0 pair of boots "Xoloug" {Str+2 Int+3} (You acquired it in the Vestibule of Hell)
104327 | Hell     | Learned a level 8 spell: Discord
104717 | Depths:3 | Reached skill level 1 in Fire Magic
104718 | Depths:3 | Paralysed by a floating eye for 2 turns
104725 | Depths:3 | Paralysed by a floating eye for 3 turns
105114 | Depths:3 | Paralysed by a floating eye for 4 turns
105283 | Depths:4 | Voluntarily entered the Abyss.
105283 | Abyss:1  | Found a corrupted altar of Lugonu.
105401 | Abyss:1  | Noticed an ancient lich
105408 | Abyss:1  | Killed an ancient lich
105499 | Abyss:1  | Got a shimmering flail
105814 | Abyss:1  | Paralysed by accursed screaming for 1 turns
106083 | Abyss:1  | Gained mutation: You are dopey. (Int -2) [a cacodemon]
106311 | Abyss:3  | Noticed an ancient lich
106322 | Abyss:3  | Killed an ancient lich
106615 | Abyss:3  | Reached skill level 15 in Dodging
106650 | Abyss:3  | Gained mutation: You are occasionally teleported next to monsters. [a neqoxec]
106964 | Abyss:3  | Paralysed by accursed screaming for 2 turns
106969 | Abyss:3  | Paralysed by accursed screaming for 2 turns
106974 | Abyss:3  | Paralysed by accursed screaming for 2 turns
107077 | Abyss:3  | Gained mutation: You are frail. (-10% HP) [a neqoxec]
107089 | Abyss:3  | Reached skill level 27 in Shields
107090 | Abyss:3  | Gained mutation: You are very frail. (-20% HP) [a neqoxec]
107719 | Abyss:3  | Reached skill level 5 in Fire Magic
108047 | Abyss:3  | Paralysed by accursed screaming for 1 turns
108056 | Abyss:3  | Paralysed by accursed screaming for 1 turns
108101 | Abyss:3  | Found a hazy altar of Hepliaklqana.
108113 | Abyss:3  | Gained mutation: Your body sometimes deteriorates upon taking damage. [a neqoxec]
108873 | Abyss:3  | Identified the +6 flail of the Median {venom, Int+4 Dex-2 Stlth+} (You found it on level 1 of the Abyss)
108880 | Abyss:3  | Found a bloodstained altar of Trog.
108914 | Abyss:3  | Paralysed by accursed screaming for 1 turns
109610 | Abyss:3  | Gained mutation: Your body often deteriorates upon taking damage. [a neqoxec]
109668 | Abyss:3  | Found a deep blue altar of Sif Muna.
110269 | Abyss:3  | Paralysed by you for 7 turns
110369 | Abyss:3  | Found a runed door.
110369 | Abyss:3  | Found a runed door.
110369 | Abyss:3  | Found a runed door.
110371 | Abyss:3  | Found a runed door.
110372 | Abyss:3  | Found a runed door.
110372 | Abyss:3  | Found a runed door.
110375 | Abyss:3  | Found a runed door.
110455 | Abyss:3  | Found a runed door.
110467 | Abyss:3  | Found a runed door.
110467 | Abyss:3  | Found a runed door.
110509 | Abyss:3  | Found a runed door.
110517 | Abyss:3  | Found a runed door.
110517 | Abyss:3  | Found a runed door.
110560 | Abyss:3  | Found a corrupted altar of Lugonu.
110562 | Abyss:3  | Found a runed door.
110586 | Abyss:3  | Found a runed door.
110587 | Abyss:3  | Found a runed door.
110590 | Abyss:3  | Got an abyssal rune of Zot
110619 | Abyss:3  | Found a runed door.
110619 | Abyss:3  | Found a runed door.
110620 | Abyss:3  | Found a runed door.
110620 | Abyss:3  | Found a radiant altar of Vehumet.
110621 | Abyss:3  | Found a runed door.
110622 | Abyss:3  | Found a runed door.
110623 | Abyss:3  | Found a runed door.
110624 | Abyss:3  | Found a runed door.
110625 | Abyss:3  | Found a runed door.
110680 | Abyss:3  | Found a corrupted altar of Lugonu.
110683 | Abyss:3  | Found a runed door.
110701 | Abyss:3  | Reached skill level 5 in Stealth
110725 | Abyss:3  | Found a runed door.
110732 | Abyss:3  | Found a runed door.
110733 | Abyss:3  | Found a runed door.
110749 | Abyss:3  | Found a runed door.
110752 | Abyss:3  | Found a runed door.
110753 | Abyss:3  | Found a runed door.
110753 | Abyss:3  | Found a runed door.
110754 | Abyss:3  | Found a runed door.
110754 | Abyss:3  | Found a radiant altar of Vehumet.
110758 | Abyss:3  | Found a runed door.
110759 | Abyss:3  | Found a runed door.
110803 | Abyss:3  | Found a runed door.
110809 | Abyss:3  | Found a runed door.
110809 | Abyss:3  | Found a runed door.
110820 | Abyss:3  | Found a radiant altar of Vehumet.
110829 | Abyss:3  | Found a runed door.
110830 | Abyss:3  | Found a corrupted altar of Lugonu.
110831 | Abyss:3  | Found a runed door.
110834 | Abyss:3  | Found a runed door.
110835 | Abyss:3  | Found a runed door.
110837 | Abyss:3  | Found a runed door.
110943 | Abyss:3  | Found a runed door.
111336 | Depths:4 | Escaped the Abyss
111656 | Depths:1 | You paid a toll of +3 gold dragon scales to enter a treasure trove
111657 | Trove    | Entered a treasure trove
111710 | Trove    | Got a smoking tin amulet
111801 | Trove    | Identified the amulet of Tuedaonnad {Harm *Drain rPois rC- Str+2 Stlth+} (You found it in a treasure trove)
112185 | Pan      | Entered Pandemonium
112368 | Pan      | Found an exit through the horrors of the Abyss.
112858 | Pan      | Noticed Cycegh the pandemonium lord
112886 | Pan      | Killed Cycegh the pandemonium lord
113077 | Pan      | Reached skill level 15 in Ice Magic
113609 | Pan      | Found an exit through the horrors of the Abyss.
114001 | Pan      | Took an exit into the Abyss.
114001 | Abyss:1  | Escaped into the Abyss
114002 | Abyss:1  | Gained mutation: You are clumsy. (Dex -2) [a cacodemon]
114006 | Abyss:1  | Gained mutation: You are extremely frail. (-30% HP) [a cacodemon]
114149 | Depths:3 | Escaped the Abyss
115069 | Elf:2    | Bought a bread ration for 65 gold pieces
115069 | Elf:2    | Bought a bread ration for 65 gold pieces
115069 | Elf:2    | Bought a bread ration for 65 gold pieces
115069 | Elf:2    | Bought a royal jelly for 26 gold pieces
115069 | Elf:2    | Bought a royal jelly for 26 gold pieces
115069 | Elf:2    | Bought a royal jelly for 26 gold pieces
115069 | Elf:2    | Bought a royal jelly for 26 gold pieces
115069 | Elf:2    | Bought a bread ration for 65 gold pieces
115372 | Vaults:1 | Bought a bread ration for 65 gold pieces
115372 | Vaults:1 | Bought a royal jelly for 26 gold pieces
115372 | Vaults:1 | Bought a bread ration for 65 gold pieces
115372 | Vaults:1 | Bought a royal jelly for 26 gold pieces
115372 | Vaults:1 | Bought a royal jelly for 26 gold pieces
115372 | Vaults:1 | Bought a royal jelly for 26 gold pieces
115372 | Vaults:1 | Bought a bread ration for 65 gold pieces
115372 | Vaults:1 | Bought a bread ration for 65 gold pieces
115650 | Zig:1    | Entered Level 1 of a ziggurat
115667 | Zig:2    | Entered Level 2 of a ziggurat
115713 | Zig:3    | Entered Level 3 of a ziggurat
115750 | Zig:3    | Got a shimmering scale mail
115761 | Zig:3    | Identified the cursed +0 scale mail "Domasehi" {rC++ Str-4 Stlth+} (You found it on level 3 of a ziggurat)
115775 | Zig:4    | Entered Level 4 of a ziggurat
116115 | Zig:5    | Entered Level 5 of a ziggurat
116154 | Zig:6    | Entered Level 6 of a ziggurat
116162 | Zig:6    | Noticed Nemaont the pandemonium lord
116171 | Zig:6    | Killed Nemaont the pandemonium lord
116199 | Zig:6    | Got an ichor-stained helmet
116210 | Zig:6    | Identified the +2 helmet "Wedykuipn" {rF+ Slay+2} (You found it on level 6 of a ziggurat)
116424 | Zig:7    | Entered Level 7 of a ziggurat
116497 | Zig:7    | Got a jewelled broad axe
116500 | Zig:7    | Got a transparent lapis lazuli ring
116502 | Zig:7    | Identified the ring of the Saviour {rElec rF+} (You found it on level 7 of a ziggurat)
116503 | Zig:7    | Identified the +2 broad axe of Extremism {antimagic, MP+9 Int+4} (You found it on level 7 of a ziggurat)
116670 | Zig:8    | Entered Level 8 of a ziggurat
117022 | Zig:8    | Reached skill level 15 in Hexes
117026 | Zig:9    | Entered Level 9 of a ziggurat
117305 | Zig:10   | Entered Level 10 of a ziggurat
117377 | Zig:10   | Reached skill level 10 in Charms
117402 | Zig:11   | Entered Level 11 of a ziggurat
117525 | Zig:11   | Identified the Disquisition on Displacement and Malediction
117541 | Zig:11   | Got a crude lead amulet
117547 | Zig:11   | Identified the amulet of Xumopaeh {RegenMP rPois Int+2 Dex-5} (You found it on level 11 of a ziggurat)
117559 | Zig:12   | Entered Level 12 of a ziggurat
117692 | Zig:12   | Got a pitted plate armour
117723 | Zig:12   | Identified the +1 plate armour of Beogh's Envy {MR+} (You found it on level 12 of a ziggurat)
117749 | Zig:13   | Entered Level 13 of a ziggurat
118093 | Zig:14   | Entered Level 14 of a ziggurat
118135 | Zig:14   | Reached skill level 15 in Translocations
118208 | Zig:14   | Got a glittering graven amulet
118224 | Zig:14   | Got a flickering tin ring
118240 | Zig:14   | Got a vibrating iron ring
118244 | Zig:14   | Identified the ring "Meriugekh" {*Tele rC+ Dex+2 SInv} (You found it on level 14 of a ziggurat)
118249 | Zig:14   | Identified the ring "Naesh" {rF- rC++ MR+ Int-3 Dex+6} (You found it on level 14 of a ziggurat)
118250 | Zig:14   | Identified the amulet "Bointano" {+Rage rPois MR- Int+5 Dex+2} (You found it on level 14 of a ziggurat)
118412 | Zig:15   | Entered Level 15 of a ziggurat
118468 | Zig:15   | Noticed an ancient lich
118478 | Zig:15   | Noticed an ancient lich
118479 | Zig:15   | Killed an ancient lich
118483 | Zig:15   | Killed an ancient lich
118539 | Zig:16   | Entered Level 16 of a ziggurat
118564 | Zig:16   | Gained mutation: You are very dopey. (Int -4) [a neqoxec]
119295 | Zig:17   | Entered Level 17 of a ziggurat
119318 | Zig:17   | Noticed Wibova Fio the pandemonium lord
119334 | Zig:17   | Killed Wibova Fio the pandemonium lord
119337 | Zig:17   | Reached skill level 10 in Fire Magic
119348 | Zig:17   | HP: 7/191 [gelid demonspawn/vampiric trident (9)]
119350 | Zig:17   | HP: 3/191 [poisoned by an orange demon]
119373 | Zig:17   | Identified Bacenleu's Volume of Feathers and Beguiling
119380 | Zig:17   | Got a steaming tin ring
119387 | Zig:18   | Entered Level 18 of a ziggurat
119425 | Zig:18   | Paralysed by accursed screaming for 1 turns
119436 | Zig:18   | Paralysed by accursed screaming for 2 turns
119441 | Zig:18   | HP: 3/191 [large abomination (18)]
119444 | Zig:18   | Noticed an ancient lich
119446 | Zig:18   | Got a transparent steel amulet
119754 | Depths:4 | Voluntarily entered the Abyss.
120048 | Abyss:1  | Reached skill level 15 in Spellcasting
120310 | Abyss:1  | Found a corrupted altar of Lugonu.
120480 | Abyss:1  | Paralysed by accursed screaming for 1 turns
120628 | Abyss:1  | Found a corrupted altar of Lugonu.
120629 | Abyss:1  | Found a corrupted altar of Lugonu.
121112 | Abyss:1  | Gained mutation: Scrolls take you much longer to read. [a neqoxec]
121118 | Abyss:1  | Gained mutation: Armour fits poorly on your strangely shaped body. [a neqoxec]
121251 | Abyss:1  | Noticed an ancient lich
121256 | Abyss:1  | Killed an ancient lich
121307 | Abyss:1  | Paralysed by accursed screaming for 1 turns
121778 | Depths:4 | Escaped the Abyss
122021 | Lair:2   | Lost mutation: You are very dopey. (Int -4) [potion of mutation]
122021 | Lair:2   | Lost mutation: Your body often deteriorates upon taking damage. [potion of mutation]
122021 | Lair:2   | Lost mutation: You are dopey. (Int -2) [potion of mutation]
122021 | Lair:2   | Lost mutation: Scrolls take you a little longer to read. [potion of mutation]
122021 | Lair:2   | Gained mutation: You tend to lose your temper in combat. [potion of mutation]
122021 | Lair:2   | Gained mutation: You are resistant to hostile enchantments. (MR+) [potion of mutation]
122022 | Lair:2   | Lost mutation: You are clumsy. (Dex -2) [potion of mutation]
122022 | Lair:2   | Lost mutation: You are extremely frail. (-30% HP) [potion of mutation]
122022 | Lair:2   | Lost mutation: Your body sometimes deteriorates upon taking damage. [potion of mutation]
122022 | Lair:2   | Lost mutation: Armour fits poorly on your strangely shaped body. [potion of mutation]
122022 | Lair:2   | Lost mutation: You tend to lose your temper in combat. [potion of mutation]
122022 | Lair:2   | Gained mutation: You are partially covered in icy blue scales. (AC +2) [potion of mutation]
122093 | D:11     | Lost mutation: You are very frail. (-20% HP) [potion of mutation]
122093 | D:11     | Lost mutation: You are frail. (-10% HP) [potion of mutation]
122093 | D:11     | Lost mutation: You are resistant to hostile enchantments. (MR+) [potion of mutation]
122093 | D:11     | Lost mutation: You are occasionally teleported next to monsters. [potion of mutation]
122093 | D:11     | Gained mutation: You are frail. (-10% HP) [potion of mutation]
122093 | D:11     | Gained mutation: You are dopey. (Int -2) [potion of mutation]
122093 | D:11     | Gained mutation: Your spells are a little harder to cast, but a little more powerful. [potion of mutation]
122174 | Orc:1    | Bought a potion of mutation for 112 gold pieces
122175 | Orc:1    | Identified the ring "Diwymif" {rPois Dex+2} (You found it on level 17 of a ziggurat)
122177 | Orc:1    | Identified the amulet of Holatt {Faith rElec} (You found it on level 18 of a ziggurat)
122183 | Orc:1    | Lost mutation: You are frail. (-10% HP) [potion of mutation]
122183 | Orc:1    | Lost mutation: You are partially covered in icy blue scales. (AC +2) [potion of mutation]
122183 | Orc:1    | Lost mutation: You are dopey. (Int -2) [potion of mutation]
122183 | Orc:1    | Gained mutation: You are partially covered in yellow scales. (AC +2) [potion of mutation]
122183 | Orc:1    | Gained mutation: Armour fits poorly on your strangely shaped body. [potion of mutation]
122183 | Orc:1    | Gained mutation: Your system is resistant to poisons. (rPois) [potion of mutation]
122183 | Orc:1    | Gained mutation: You are agile. (Dex +2) [potion of mutation]
122451 | Vaults:3 | Lost mutation: Your spells are a little harder to cast, but a little more powerful. [potion of mutation]
122451 | Vaults:3 | Lost mutation: You are agile. (Dex +2) [potion of mutation]
122451 | Vaults:3 | Lost mutation: You are partially covered in yellow scales. (AC +2) [potion of mutation]
122451 | Vaults:3 | Lost mutation: Armour fits poorly on your strangely shaped body. [potion of mutation]
122451 | Vaults:3 | Lost mutation: Your system is resistant to poisons. (rPois) [potion of mutation]
122451 | Vaults:3 | Gained mutation: Your spells are a little easier to cast, but a little less powerful. [potion of mutation]
122451 | Vaults:3 | Gained mutation: You have a somewhat thin skeletal structure. (Dex +2, Stealth) [potion of mutation]
122522 | Vaults:4 | Bought a potion of cancellation for 88 gold pieces
122522 | Vaults:4 | Bought a potion of brilliance for 44 gold pieces
122522 | Vaults:4 | Bought a potion of mutation for 88 gold pieces
122522 | Vaults:4 | Lost mutation: Your spells are a little easier to cast, but a little less powerful. [potion of mutation]
122522 | Vaults:4 | Gained mutation: You possess an exceptional clarity of mind. [potion of mutation]
122522 | Vaults:4 | Gained mutation: Scrolls take you a little longer to read. [potion of mutation]
122522 | Vaults:4 | Gained mutation: You have a moderately thin skeletal structure. (Dex +4, Stealth+) [potion of mutation]
122795 | Tomb:1   | Lost mutation: Scrolls take you a little longer to read. [potion of mutation]
122795 | Tomb:1   | Lost mutation: You possess an exceptional clarity of mind. [potion of mutation]
122795 | Tomb:1   | Gained mutation: Your flesh is cold resistant. (rC+) [potion of mutation]
122795 | Tomb:1   | Gained mutation: You are occasionally teleported next to monsters. [potion of mutation]
122795 | Tomb:1   | Gained mutation: You are resistant to hostile enchantments. (MR+) [potion of mutation]
123386 | Pan      | Entered Pandemonium
123590 | Pan      | Noticed Nicvulek the pandemonium lord
123596 | Pan      | Killed Nicvulek the pandemonium lord
123686 | Pan      | Found an exit through the horrors of the Abyss.
124259 | Pan      | Found an exit through the horrors of the Abyss.
124743 | Pan      | Noticed Ruiff the pandemonium lord
124829 | Pan      | Killed Ruiff the pandemonium lord
124967 | Pan      | Got a demonic rune of Zot
125320 | Pan      | Found an exit through the horrors of the Abyss.
125446 | Pan      | Reached skill level 10 in Stealth
125449 | Pan      | Noticed Tiaqomao the pandemonium lord
125904 | Pan      | Killed Tiaqomao the pandemonium lord
126018 | Pan      | Found an exit through the horrors of the Abyss.
126781 | Pan      | Noticed Pireyxu the pandemonium lord
126793 | Pan      | Killed Pireyxu the pandemonium lord
126822 | Pan      | Got a pair of scorched gloves
126833 | Pan      | Identified the +0 pair of gloves of Boemeb {rN+} (You acquired it in Pandemonium)
126987 | Pan      | Noticed Cimizash the pandemonium lord
126996 | Pan      | Killed Cimizash the pandemonium lord
127169 | Pan      | Found an exit through the horrors of the Abyss.
128343 | Pan      | Noticed Qoegimougg the pandemonium lord
128361 | Pan      | Killed Qoegimougg the pandemonium lord
128448 | Pan      | Found an exit through the horrors of the Abyss.
129036 | Pan      | Entered the realm of Lom Lobon.
129404 | Pan      | Found an exit through the horrors of the Abyss.
129793 | Pan      | Noticed Lom Lobon
130678 | Pan      | Killed Lom Lobon
130893 | Pan      | Got a magical rune of Zot
131059 | Pan      | Found an exit through the horrors of the Abyss.
131190 | Pan      | Noticed Ateiza the pandemonium lord
131199 | Pan      | Killed Ateiza the pandemonium lord
131210 | Pan      | Gained mutation: You tend to lose your temper in combat. [a cacodemon]
131880 | Pan      | Noticed Xajor the pandemonium lord
131965 | Pan      | Lost mutation: You tend to lose your temper in combat. [potion of mutation]
131965 | Pan      | Lost mutation: Your flesh is cold resistant. (rC+) [potion of mutation]
131965 | Pan      | Lost mutation: You are resistant to hostile enchantments. (MR+) [potion of mutation]
131965 | Pan      | Lost mutation: You are occasionally teleported next to monsters. [potion of mutation]
131965 | Pan      | Gained mutation: Your spells are a little harder to cast, but a little more powerful. [potion of mutation]
131965 | Pan      | Gained mutation: You can translocate small distances at will. [potion of mutation]
131965 | Pan      | Gained mutation: Your system is resistant to poisons. (rPois) [potion of mutation]
132023 | Pan      | Gained mutation: Your magical capacity is low. (-10% MP) [a neqoxec]
132551 | Pan      | Found an exit through the horrors of the Abyss.
132608 | Pan      | Reached skill level 27 in Axes
132764 | Pan      | Killed Xajor the pandemonium lord
133050 | Pan      | Gained mutation: Potions are less effective at restoring your health. [a cacodemon]
133073 | Pan      | Gained mutation: You are dopey. (Int -2) [a neqoxec]
133343 | Pan      | Found an exit through the horrors of the Abyss.
133388 | Pan      | Found a runed door.
134305 | Pan      | Noticed Zeafaor the pandemonium lord
134311 | Pan      | Killed Zeafaor the pandemonium lord
134412 | Pan      | Found an exit through the horrors of the Abyss.
134498 | Pan      | Noticed Foaneuc the pandemonium lord
134511 | Pan      | Killed Foaneuc the pandemonium lord
135014 | Pan      | Lost mutation: You can translocate small distances at will. [potion of mutation]
135014 | Pan      | Lost mutation: Your spells are a little harder to cast, but a little more powerful. [potion of mutation]
135014 | Pan      | Lost mutation: Your magical capacity is low. (-10% MP) [potion of mutation]
135014 | Pan      | Lost mutation: You are dopey. (Int -2) [potion of mutation]
135014 | Pan      | Lost mutation: Your system is resistant to poisons. (rPois) [potion of mutation]
135014 | Pan      | Gained mutation: You are covered in fur. (AC +1) [potion of mutation]
135014 | Pan      | Gained mutation: Your movements are slightly less encumbered by armour. (ER -2) [potion of mutation]
135103 | Pan      | Took an exit into the Abyss.
135103 | Abyss:1  | Escaped into the Abyss
135121 | Depths:3 | Escaped the Abyss
135246 | Hell     | Got a steaming scarf
135257 | Hell     | Identified the scarf "Cowin" {rPois Str+4 Dex+3} (You acquired it in the Vestibule of Hell)
135302 | Hell     | Got a pair of crude boots
135314 | Hell     | Identified the +0 pair of boots of Disaster {Regen+} (You acquired it in the Vestibule of Hell)
135472 | Zig:1    | Entered Level 1 of a ziggurat
135501 | Zig:2    | Entered Level 2 of a ziggurat
135648 | Zig:3    | Entered Level 3 of a ziggurat
135685 | Zig:4    | Entered Level 4 of a ziggurat
135717 | Zig:5    | Entered Level 5 of a ziggurat
135758 | Zig:6    | Entered Level 6 of a ziggurat
135764 | Zig:6    | Noticed a greater mummy
135771 | Zig:6    | Killed a greater mummy
135898 | Zig:7    | Entered Level 7 of a ziggurat
135949 | Zig:7    | Got a wavering amber ring
135952 | Zig:7    | Identified Sif Muna's Catalogue of Icy Companions
135958 | Zig:7    | Identified the ring "Wodauh" {+Inv Str+3 Dex+5 Slay+3} (You found it on level 7 of a ziggurat)
135964 | Zig:8    | Entered Level 8 of a ziggurat
135975 | Zig:8    | Noticed Atuckel the pandemonium lord
135983 | Zig:8    | Killed Atuckel the pandemonium lord
136014 | Zig:9    | Entered Level 9 of a ziggurat
136070 | Zig:9    | Identified the Compendium of Floating Boosts
136081 | Zig:9    | Got a transparent plate armour
136092 | Zig:9    | Identified the cursed +1 plate armour of Nelot {MP+9} (You found it on level 9 of a ziggurat)
136122 | Zig:9    | Identified Tiush's Grimoire of Dark Rites and Transmutation
136129 | Zig:10   | Entered Level 10 of a ziggurat
136200 | Zig:10   | Got a jewelled chain mail
136211 | Zig:10   | Identified the +3 chain mail of Hadjma {*Slow rC- rN+ MR+ rCorr} (You found it on level 10 of a ziggurat)
136226 | Zig:11   | Entered Level 11 of a ziggurat
136289 | Zig:11   | Learned a level 3 spell: Teleport Other
136294 | Zig:11   | Learned a level 4 spell: Passage of Golubria
136301 | Zig:12   | Entered Level 12 of a ziggurat
136354 | Zig:13   | Entered Level 13 of a ziggurat
136437 | Zig:14   | Entered Level 14 of a ziggurat
136540 | Zig:14   | Identified the +2 plate armour of Hedging {rCorr Str+2 Dex+3} (You found it on level 14 of a ziggurat)
136591 | Zig:15   | Entered Level 15 of a ziggurat
136632 | Zig:15   | Gained mutation: Potions are poor at restoring your health. [a shining eye]
136637 | Zig:15   | Gained mutation: Scrolls take you a little longer to read. [a shining eye]
136678 | Zig:15   | Identified the Grimoire of Supportive Heat
136705 | Zig:15   | Lost mutation: Your movements are slightly less encumbered by armour. (ER -2) [potion of mutation]
136705 | Zig:15   | Lost mutation: Scrolls take you a little longer to read. [potion of mutation]
136705 | Zig:15   | Lost mutation: You are covered in fur. (AC +1) [potion of mutation]
136705 | Zig:15   | Lost mutation: You have a moderately thin skeletal structure. (Dex +4, Stealth+) [potion of mutation]
136705 | Zig:15   | Gained mutation: You are clumsy. (Dex -2) [potion of mutation]
136705 | Zig:15   | Lost mutation: You are clumsy. (Dex -2) [potion of mutation]
136706 | Zig:15   | Lost mutation: You have a somewhat thin skeletal structure. (Dex +2, Stealth) [potion of mutation]
136706 | Zig:15   | Lost mutation: Potions are poor at restoring your health. [potion of mutation]
136706 | Zig:15   | Lost mutation: Potions are less effective at restoring your health. [potion of mutation]
136706 | Zig:15   | Gained mutation: You have sharp toenails. [potion of mutation]
136706 | Zig:15   | Gained mutation: You are agile. (Dex +2) [potion of mutation]
136710 | Zig:16   | Entered Level 16 of a ziggurat
136721 | Zig:16   | Noticed a greater mummy
136723 | Zig:16   | Noticed a greater mummy
136723 | Zig:16   | Noticed a greater mummy
136730 | Zig:16   | Killed a greater mummy
136731 | Zig:16   | Noticed a greater mummy
136731 | Zig:16   | HP: 11/273 [??? (4)]
136735 | Zig:16   | HP: 3/273 [greater mummy/divine providence (12)]
136736 | Zig:17   | Entered Level 17 of a ziggurat
136876 | Zig:17   | Reached skill level 15 in Fire Magic
136889 | Zig:17   | Got a pair of faintly glowing boots
136900 | Zig:17   | Identified the +1 pair of boots "Reocwesk" {rN+} (You found it on level 17 of a ziggurat)
137037 | Zig:18   | Entered Level 18 of a ziggurat
137482 | Zig:18   | Identified the Papyrus of Transformation and Confrontation
137519 | Zig:19   | Entered Level 19 of a ziggurat
137617 | Zig:19   | Got a scintillating graven amulet
137636 | Zig:19   | Got a glittering iron ring
137638 | Zig:19   | Identified the ring of Terphusm {*Tele +Fly} (You found it on level 19 of a ziggurat)
137639 | Zig:19   | Identified the amulet of Iklauhus {RegenMP Str+4} (You found it on level 19 of a ziggurat)
137646 | Zig:19   | Got a bound lead ring
137649 | Zig:19   | Identified the ring "Ylithrots" {rCorr Dex+4 Stlth+} (You found it on level 19 of a ziggurat)
137872 | Zig:20   | Entered Level 20 of a ziggurat
137880 | Zig:20   | Noticed a greater mummy
137897 | Zig:20   | Noticed a greater mummy
137900 | Zig:20   | Noticed a greater mummy
137901 | Zig:20   | Noticed a greater mummy
137903 | Zig:20   | Noticed a greater mummy
137911 | Zig:21   | Entered Level 21 of a ziggurat
138092 | Zig:21   | Got a vibrating brass ring
138116 | Zig:21   | Identified the ring of the Cricket {*Drain rPois MP+9 Int+4} (You found it on level 21 of a ziggurat)
138129 | Zig:21   | Got a twitching iron amulet
138163 | Zig:21   | Identified the amulet "Feit" {Faith rElec Str+8 Int-2 Dex-2} (You found it on level 21 of a ziggurat)
138175 | Zig:21   | Got a sparkling glass ring
138176 | Zig:21   | Identified the ring of Otyfoan {*Corrode rF+++ Dex+4 Stlth-} (You found it on level 21 of a ziggurat)
138191 | Zig:22   | Entered Level 22 of a ziggurat
138206 | Zig:22   | Noticed a juggernaut
138206 | Zig:22   | Noticed a juggernaut
138209 | Zig:22   | Noticed a juggernaut
138216 | Zig:22   | Noticed a juggernaut
138225 | Zig:22   | Killed a juggernaut
138237 | Zig:22   | Noticed a juggernaut
138245 | Zig:22   | Killed a juggernaut
138247 | Zig:22   | Killed a juggernaut
138250 | Zig:22   | Noticed a juggernaut
138258 | Zig:22   | Killed a juggernaut
138259 | Zig:22   | Killed a juggernaut
138268 | Zig:22   | Killed a juggernaut
138273 | Zig:22   | Noticed a juggernaut
138281 | Zig:22   | Killed a juggernaut
138282 | Zig:22   | Noticed a juggernaut
138283 | Zig:22   | Noticed a juggernaut
138291 | Zig:22   | Noticed a juggernaut
138291 | Zig:22   | Killed a juggernaut
138295 | Zig:22   | Killed a juggernaut
138301 | Zig:22   | Killed a juggernaut
138588 | Zig:23   | Entered Level 23 of a ziggurat
138695 | Zig:23   | Noticed an ancient lich
138695 | Zig:23   | Noticed an ancient lich
138712 | Zig:23   | Noticed an ancient lich
138735 | Zig:23   | Killed an ancient lich
138740 | Zig:23   | Noticed an ancient lich
138749 | Zig:23   | Killed an ancient lich
138752 | Zig:23   | Killed an ancient lich
138756 | Zig:23   | Killed an ancient lich
138817 | Zig:23   | Identified the ring of Giric {rElec rF+ MP+9 Str-3 Int+4} (You found it on level 23 of a ziggurat)
138841 | Zig:23   | Identified the +2 helmet of the Game of Kings {rF- MR+ Slay+2 SInv} (You found it on level 23 of a ziggurat)
138860 | Zig:23   | Identified the Incunabulum of Damaging Companions
138871 | Zig:24   | Entered Level 24 of a ziggurat
139134 | Zig:24   | Identified the ring of Acuc Ant {Ice rElec} (You found it on level 24 of a ziggurat)
139138 | Zig:24   | Identified the +7 hand crossbow of the Elven Halls {penet, Dex+2} (You found it on level 24 of a ziggurat)
139274 | Zig:25   | Entered Level 25 of a ziggurat
139283 | Zig:25   | Noticed a greater mummy
139295 | Zig:25   | Noticed a greater mummy
139296 | Zig:25   | Noticed a greater mummy
139296 | Zig:25   | Noticed a greater mummy
139297 | Zig:25   | Noticed a greater mummy
139297 | Zig:25   | Noticed a greater mummy
139297 | Zig:25   | Noticed a greater mummy
139301 | Zig:25   | Noticed a greater mummy
139301 | Zig:25   | Noticed a greater mummy
139301 | Zig:25   | Noticed a greater mummy
139301 | Zig:25   | Noticed a greater mummy
139304 | Zig:25   | HP: 11/273 [ushabti/vile air (5)]
139304 | Zig:25   | Killed from afar by a mummy priest

Skill      XL: |  1  2  3  4  5  6  7  8  9 10 11 12 13 14 15 16 17 18 19 20 21 22 23 24 25 26 27 |
---------------+----------------------------------------------------------------------------------+-----
Fighting       | 4 5 6 8 9 10 11 13 14 15 16 17 18 19 20 21 22 23 24 27 | 27.0
Axes           | 3 4 6 8 9 11 13 15 16 17 18 19 20 21 22 23 24 27 | 27.0
Dodging        | 1 2 3 4 5 6 7 8 19 | 19.5
Shields        | 4 5 6 7 8 9 10 11 13 15 16 17 19 20 21 22 23 27 | 27.0
Armour         | 4 5 7 8 9 10 11 12 13 14 15 16 17 26 | 26.5
Invocations    | 1 2 4 5 6 7 8 9 26 | 26.0
Stealth        | 1 2 3 4 14 | 14.4
Maces & Flails | 2 |  2.6
Throwing       | 1 |  1.4
Unarmed Combat | 1 |  1.9
Evocations     | 1 2 6 8 20 | 20.9
Spellcasting   | 1 4 6 19 | 19.7
Translocations | 1 4 15 | 15.2
Ice Magic      | 4 15 | 15.9
Hexes          | 22 | 22.7
Air Magic      | 12 | 12.7
Charms         | 10 | 10.9
Fire Magic     | 16 | 16.4

Action                   |  1- 3 |  4- 6 |  7- 9 | 10-12 | 13-15 | 16-18 | 19-21 | 22-24 | 25-27 || total
-------------------------+-------+-------+-------+-------+-------+-------+-------+-------+-------++-------
Melee: War axe           |    91 |   193 |   281 |   656 |   921 |   969 |  1313 |  1839 |  1129 ||  7392
       Whip              |       |       |       |    77 |       |       |       |       |       ||    77
       Mace              |       |       |       |    10 |       |       |       |       |       ||    10
       Executioner's axe |       |       |       |       |    15 |       |       |       |       ||    15
       Broad axe         |       |       |       |       |       |       |       |       | 10067 || 10067
       Unarmed           |       |       |       |       |       |       |       |       |     1 ||     1
 Cast: Metabolic Englaci |       |       |       |       |       |       |       |       |     8 ||     8
       Blink             |       |       |       |       |       |       |       |       |     5 ||     5
       Apportation       |       |       |       |       |       |       |       |       |     1 ||     1
       Swiftness         |       |       |       |       |       |       |       |       |     1 ||     1
       Silence           |       |       |       |       |       |       |       |       |     1 ||     1
       Discord           |       |       |       |       |       |       |       |       |     1 ||     1
Invok: Heroism           |       |       |     4 |    11 |    16 |    23 |    26 |    14 |    15 ||   109
       Finesse           |       |       |       |     3 |     2 |     6 |     5 |     6 |     6 ||    28
       Divine Shield     |       |       |       |       |       |       |       |       |    85 ||    85
       Summon Divine War |       |       |       |       |       |       |       |       |    77 ||    77
       Cleansing Flame   |       |       |       |       |       |       |       |       |    17 ||    17
       Brand Weapon With |       |       |       |       |       |       |       |       |     1 ||     1
 Abil: Evoke Berserk Rag |       |       |       |       |       |       |       |       |     3 ||     3
       Blink             |       |       |       |       |       |       |       |       |     1 ||     1
Evoke: Wand              |       |       |       |       |       |       |       |       |     9 ||     9
       Figurine of a zig |       |       |       |       |       |       |       |       |     1 ||     1
  Use: Scroll            |       |     3 |     5 |     4 |    13 |     6 |     4 |    15 |   122 ||   172
       Potion            |       |       |       |       |     1 |     1 |     3 |     1 |    91 ||    97
 Stab: Distracted        |       |       |       |       |       |       |     3 |     1 |    19 ||    23
       Sleeping          |       |       |       |       |       |       |     1 |       |     1 ||     2
  Eat: Chunk             |       |     6 |    11 |    10 |    21 |    15 |    18 |    33 |    78 ||   192
       Fruit             |       |       |     6 |     2 |     8 |     3 |     1 |     3 |    40 ||    63
       Royal jelly       |       |       |       |     2 |       |       |       |       |     3 ||     5
       Meat ration       |       |       |       |     1 |     3 |     4 |     2 |     4 |    18 ||    32
       Bread ration      |       |       |       |       |       |       |       |       |    20 ||    20
Armor: Scale mail        |    46 |       |       |       |       |       |     8 |       |       ||    54
       Chain mail        |       |   113 |   120 |   377 |   268 |   145 |   295 |   294 |  2133 ||  3745
       Plate armour      |       |       |       |       |       |    46 |       |       |       ||    46
       Crystal plate arm |       |       |       |       |       |       |     8 |       |       ||     8
       Skin              |       |       |       |       |       |       |       |       |     1 ||     1
Dodge: Dodged            |    34 |    48 |    63 |   231 |   253 |   236 |   360 |   305 |  2556 ||  4086
       Deflected         |       |       |       |       |    11 |    60 |    69 |    56 |    85 ||   281
Block: Shield            |    59 |   111 |   124 |   441 |   479 |   564 |   615 |       |       ||  2393
       Large shield      |       |       |       |       |       |     3 |   417 |  1583 | 12800 || 14803
       Reflection        |       |       |       |       |       |       |       |       |    55 ||    55
